 Dungeon Crawl Stone Soup version 0.30.1-9-gdf580d7c3d (webtiles) character file.

Game seed: 6437023624088190155

14066677 infcreate the Skullcrusher (level 27, 199/199 HPs)
             Began as a Gargoyle Fighter on Oct 7, 2023.
             Was the Champion of the Shining One.
             Escaped with the Orb
             ... and 15 runes!
             The game lasted 06:19:14 (113331 turns).

infcreate the Skullcrusher (Gargoyle Fighter)     Turns: 113331, Time: 06:19:15

Health: 199/199    AC: 66    Str: 48    XL:     27
Magic:  40/40      EV: 25    Int:  9    God:    the Shining One [******]
Gold:   17178      SH: 27    Dex: 18    Spells: 26/26 levels left

rFire   + + +        J - +8 eveningstar (heavy)
rCold   + + .        t - +1 tower shield {reflect}
rNeg    + + +        o - +12 gold dragon scales
rPois   ∞            L - -2 hat of the Alchemist {rElec rPois rF+ rC+ rN+ Will+ rMut rCorr}
rElec   +            n - +0 cloak {rCorr}
rCorr   +            C - +2 pair of gloves {infuse}
SInv    .            z - +0 pair of boots of Boredom {-Cast rElec Regen+ Str+4}
Will    +++++        M - amulet of Modwoal {Acrobat rCorr Str+3 Dex+3} Stlth
                     s - +6 ring of strength
HPRegen 1.33/turn    D - ring "Zuhudoh" {*Corrode rF+++ Will+++ Str+3 Dex+6}
MPRegen 0.27/turn

%: no spellcasting, corrode self (3%), reflection, acrobat, resist mutation,
infuse magic (1 MP)
@: flying, glowing, studying 3 skills
A: sickness immunity, AC +20, big wings, negative energy resistance 1,
electricity resistance, torment resistance 1, petrification resistance, dopey 1,
mutation resistance 1
0: Orb of Zot
}: 15/15 runes: serpentine, barnacled, slimy, silver, golden, iron, obsidian,
icy, bone, abyssal, demonic, glowing, magical, fiery, dark
a: Renounce Religion, Divine Shield, Cleansing Flame, Summon Divine Warrior


You escaped.
You worshipped the Shining One.
The Shining One was exalted by your worship.
You visited 18 branches of the dungeon, and saw 88 of its levels.
You visited Pandemonium 2 times, and saw 20 of its levels.
You visited the Abyss 4 times.
You visited 3 bazaars.
You also visited: Trove, Gauntlet, Ice Cave and Wizlab.

You collected 25659 gold pieces.
You spent 8080 gold pieces at shops.
You donated 401 gold pieces to Zin.


Innate Abilities, Weirdness & Mutations

You are immune to sickness and miasma.
Your stone body is resilient. (AC +20)
You are immune to poison.
Your large and strong wings let you fly.
You resist negative energy. (rN+)
You are resistant to electric shocks. (rElec)
You are resistant to unholy torment.
You are immune to petrification.
You are dopey. (Int -2)
You are somewhat resistant to further mutation.


   Skills:
 O Level 27 Fighting
 O Level 27 Maces & Flails
 O Level 27 Armour
 O Level 27 Dodging
 O Level 27 Shields
 + Level 23.5 Earth Magic
 O Level 27 Invocations
 O Level 27 Evocations


You had 26 spell levels left.
You didn't know any spells.
Your spell library contained the following spells:

 Spells                   Type           Power      Damage    Failure   Level
 Sandblast                Erth           84%        2d18      0%          1
 Passwall                 Tmut/Erth      17%        N/A       1%          2
 Lee's Rapid Deconstruct  Erth           21%        3d12*     1%          5
 Stone Arrow              Conj/Erth      42%        3d9       2%          3
 Animate Armour           Summ/Erth      42%        N/A       10%         4
 Leda's Liquefaction      Hex/Erth       10%        N/A       10%         4
 Petrify                  Tmut/Erth      21%        N/A       10%         4
 Borgnjor's Vile Clutch   Necr/Erth      10%        N/A       26%         5
 Apportation              Tloc           0%         N/A       75%         1
 Beastly Appendage        Tmut           0%         N/A       75%         1
 Foxfire                  Conj/Fire      0%         2x1d4     75%         1
 Kiss of Death            Conj/Necr      0%         2d5       75%         1
 Magic Dart               Conj           0%         1d3       75%         1
 Necrotise                Necr           0%         1d4       75%         1
 Shock                    Conj/Air       0%         1d3       75%         1
 Slow                     Hex            0%         N/A       75%         1
 Sting                    Tmut/Pois      0%         1d3       75%         1
 Summon Small Mammal      Summ           0%         N/A       75%         1
 Iron Shot                Conj/Erth      10%        9d3       82%         6
 Blink                    Tloc           0%         N/A       87%         2
 Ensorcelled Hibernation  Hex/Ice        0%         N/A       87%         2
 Lesser Beckoning         Tloc           0%         N/A       87%         2
 Momentum Strike          Conj/Tloc      0%         3d8       87%         2
 Poisonous Vapours        Pois/Air       0%         N/A       87%         2
 Scorch                   Fire           0%         2d5       87%         2
 Searing Ray              Conj           0%         2d4       87%         2
 Static Discharge         Conj/Air       0%         2-2/arc   87%         2
 Wereblood                Tmut           0%         N/A       87%         2
 Call Canine Familiar     Summ           0%         N/A       98%         3
 Confusing Touch          Hex            0%         N/A       98%         3
 Dazzling Flash           Conj/Hex       0%         N/A       98%         3
 Frozen Ramparts          Ice            0%         1d1       98%         3
 Gell's Gravitas          Tloc           0%         N/A       98%         3
 Hailstorm                Conj/Ice       0%         3d3       98%         3
 Ignite Poison            Fire/Tmut/Pois 0%         N/A       98%         3
 Inner Flame              Hex/Fire       0%         N/A       98%         3
 Mephitic Cloud           Conj/Pois/Air  0%         N/A       98%         3
 Ozocubu's Armour         Ice            0%         N/A       98%         3
 Portal Projectile        Hex/Tloc       0%         N/A       98%         3
 Spider Form              Tmut/Pois      0%         N/A       98%         3
 Summon Guardian Golem    Hex/Summ       0%         N/A       98%         3
 Swiftness                Air            0%         N/A       98%         3
 Teleport Other           Tloc           0%         N/A       98%         3
 Tukima's Dance           Hex            0%         N/A       98%         3
 Vampiric Draining        Necr           0%         2d6       98%         3
 Vhi's Electric Charge    Tloc/Air       0%         N/A       98%         3
 Volatile Blastmotes      Fire/Tloc      0%         2d10      98%         3
 Airstrike                Air            0%         2d(0-16)  100%        4
 Anguish                  Hex/Necr       0%         N/A       100%        4
 Cause Fear               Hex            0%         N/A       100%        4
 Dispel Undead            Necr           0%         3d6       100%        4
 Flame Wave               Conj/Fire      0%         2d4       100%        4
 Fulminant Prism          Conj/Hex       0%         3d5       100%        4
 Ice Form                 Ice/Tmut       0%         N/A       100%        4
 Iskenderun's Mystic Bla  Conj/Tloc      0%         2d3       100%        4
 Manifold Assault         Tloc           0%         N/A       100%        4
 Olgreb's Toxic Radiance  Pois           0%         N/A       100%        4
 Passage of Golubria      Tloc           0%         N/A       100%        4
 Sticky Flame             Conj/Fire      0%         2d3       100%        4
 Summon Ice Beast         Ice/Summ       0%         N/A       100%        4
 Summon Lightning Spire   Summ/Air       0%         N/A       100%        4
 Agony                    Necr           0%         N/A       100%        5
 Alistair's Intoxication  Tmut/Pois      0%         N/A       100%        5
 Arcjolt                  Conj/Air       0%         1d10      100%        5
 Blade Hands              Tmut           0%         N/A       100%        5
 Fireball                 Conj/Fire      0%         3d3       100%        5
 Freezing Cloud           Conj/Ice/Air   0%         6-21      100%        5
 Irradiate                Conj/Tmut      0%         3d11      100%        5
 Iskenderun's Battlesphe  Conj           0%         2d6       100%        5
 Metabolic Englaciation   Hex/Ice        0%         N/A       100%        5
 Silence                  Hex/Air        0%         N/A       100%        5
 Summon Mana Viper        Hex/Summ       0%         N/A       100%        5
 Yara's Violent Unravell  Hex/Tmut       0%         3d3       100%        5
 Conjure Ball Lightning   Conj/Air       0%         3x3d6     100%        6
 Death Channel            Necr           0%         N/A       100%        6
 Plasma Beam              Fire/Air       0%         2x1d11    100%        6
 Simulacrum               Ice/Necr       0%         N/A       100%        6
 Starburst                Conj/Fire      0%         6d3       100%        6
 Summon Cactus Giant      Summ           0%         N/A       100%        6
 Dragon Form              Tmut           0%         N/A       100%        7
 Enfeeble                 Hex            0%         N/A       100%        7
 Malign Gateway           Summ/Tloc      0%         N/A       100%        7
 Monstrous Menagerie      Summ           0%         N/A       100%        7
 Orb of Destruction       Conj           0%         9d5       100%        7
 Ozocubu's Refrigeration  Ice            0%         4d7       100%        7
 Storm Form               Tmut/Air       0%         N/A       100%        7
 Borgnjor's Revivificati  Necr           0%         N/A       100%        8
 Discord                  Hex            0%         N/A       100%        8
 Disjunction              Tloc           0%         N/A       100%        8
 Ignition                 Fire           0%         3d3       100%        8
 Lehudib's Crystal Spear  Conj/Erth      10%        10d4      100%        8
 Necromutation            Tmut/Necr      0%         N/A       100%        8
 Chain Lightning          Conj/Air       0%         N/A       100%        9
 Dragon's Call            Summ           0%         N/A       100%        9
 Fire Storm               Conj/Fire      0%         5d1       100%        9
 Shatter                  Erth           21%        3d19*     100%        9
 Statue Form              Tmut/Erth      Unusable   N/A       N/A         6
 Cigotuvi's Dreadful Rot  Necr/Pois/Air  Unusable   N/A       N/A         2

Inventory:

Hand Weapons
 i - the +13 sceptre of Asmodeus
   (You took it off Asmodeus on level 7 of Gehenna)

   Fire Summon: It may summon demons of flame and damnation when striking foes.
   The Shining One disapproves of the use of such an item.
 l - a +6 sacred scourge of holy wrath
 J - a +8 heavy eveningstar (weapon)
Armour
 n - a +0 cloak of preservation (worn)
 o - +12 gold dragon scales (worn)
 t - a +1 tower shield of reflection (worn)
 u - the +18 shield of the Gong {Loud rN+ Will+ rCorr EV-5}
   (Okawaru gifted it to you on level 5 of the Lair of Beasts)

   Loud:      It is deafeningly noisy when blocking attacks.
   EV:        It affects your evasion (-5).
   rN:        It protects you from negative energy.
   rCorr:     It protects you from acid and corrosion.
   Will:      It increases your willpower.
 z - the +0 pair of boots of Boredom (worn) {-Cast rElec Regen+ Str+4}
   (You bought it in a shop on level 14 of the Dungeon)

   Str:       It affects your strength (+4).
   rElec:     It insulates you from electricity.
   -Cast:     It prevents spellcasting.
   Regen:     It increases your rate of health regeneration.
 C - a +2 pair of gloves of infusion (worn)
 L - the -2 hat of the Alchemist (worn) {rElec rPois rF+ rC+ rN+ Will+ rMut rCorr}
   (You found it in a wizard's laboratory)

   rF:        It protects you from fire.
   rC:        It protects you from cold.
   rElec:     It insulates you from electricity.
   rPois:     It protects you from poison.
   rN:        It protects you from negative energy.
   rCorr:     It protects you from acid and corrosion.
   rMut:      It protects you from mutation.
   Will:      It increases your willpower.
Jewellery
 b - the ring "Fih Loth" {rF+ rN+ rCorr Dex+2}
   (You found it on level 3 of the Depths)

   [ring of protection from fire]

   Dex:       It affects your dexterity (+2).
   rF:        It protects you from fire.
   rN:        It protects you from negative energy.
   rCorr:     It protects you from acid and corrosion.
 c - the ring "Zerosh" {Fire rPois Will+++ Int-2 Stlth-}
   (You found it on level 5 of the Lair of Beasts)

   [ring of fire]

   It enhances your fire magic.
   Int:       It affects your intelligence (-2).
   rF:        It protects you from fire.
   rC:        It makes you vulnerable to cold.
   rPois:     It protects you from poison.
   Will:      It greatly increases your willpower.
   Stlth:     It makes you less stealthy.
 e - the ring of Pilevak {Fly rN+}
   (You took it off an angel in Pandemonium)

   [ring of flight]

   rN:        It protects you from negative energy.
   Fly:       It grants you flight.
 s - a +6 ring of strength (left hand)
 v - a ring of see invisible
 w - the ring "Ralounio" {rF++ rC+ Will-}
   (You took it off Antaeus on level 7 of Cocytus)

   [ring of protection from cold]

   rF:        It greatly protects you from fire.
   rC:        It protects you from cold.
   Will:      It decreases your willpower.
 D - the ring "Zuhudoh" (right hand) {*Corrode rF+++ Will+++ Str+3 Dex+6}
   (You took it off a deep elf death mage on level 5 of the Vaults)

   [ring of dexterity]

   Str:       It affects your strength (+3).
   Dex:       It affects your dexterity (+6).
   rF:        It renders you almost immune to fire.
   *Corrode:  It may corrode you when you take damage.
   Will:      It greatly increases your willpower.
 M - the amulet of Modwoal (around neck) {Acrobat rCorr Str+3 Dex+3}
   (You found it in a treasure trove)

   [amulet of the acrobat]

   It increases your evasion while moving and waiting.
   Str:       It affects your strength (+3).
   Dex:       It affects your dexterity (+3).
   rCorr:     It protects you from acid and corrosion.
 N - the ring "Usoideokh" {rC+ Slay+4}
   (You found it on level 7 of Cocytus)

   [ring of protection from cold]

   Slay:      It affects your accuracy & damage with ranged weapons and melee
   (+4).
   rC:        It protects you from cold.
 S - a +6 ring of strength
 T - a +6 ring of strength
 W - a ring of willpower
Wands
 j - a wand of digging (7)
 q - a wand of quicksilver (71)
 y - a wand of paralysis (135)
 I - a wand of polymorph (15)
 V - a wand of roots (88)
Scrolls
 k - 6 scrolls of blinking
 m - 10 scrolls of immolation
 p - 13 scrolls of fear
 r - 10 scrolls of vulnerability
 x - 10 scrolls of magic mapping
 H - 16 scrolls of amnesia
 K - 8 scrolls of teleportation {@r2}
 O - 2 scrolls of brand weapon
 P - 11 scrolls of silence {!r}
 U - 15 scrolls of poison
 X - 14 scrolls of fog
Potions
 a - 47 potions of curing {@q1}
 d - 4 potions of berserk rage {!q}
 f - 5 potions of invisibility
 g - 12 potions of haste {@q3}
 h - 20 potions of might
 A - 8 potions of attraction
 B - 10 potions of ambrosia
 F - 25 potions of mutation
 G - 17 potions of cancellation
 Q - 7 potions of resistance
 Y - 6 potions of lignification
 Z - 7 potions of heal wounds {@q2}
Miscellaneous
 E - a figurine of a ziggurat
 R - a condenser vane

Dungeon Overview and Level Annotations

Branches:
Dungeon (15/15)            Temple (1/1) D:6            Lair (5/5) D:9
 Shoals (4/4) Lair:2        Snake (4/4) Lair:2        Slime (5/5) Lair:4
    Orc (2/2) D:11            Elf (3/3) Orc:2        Vaults (5/5) D:14
  Crypt (3/3) Vaults:3       Tomb (3/3) Crypt:3      Depths (4/4) D:15
   Hell (visited)             Dis (7/7) Hell            Geh (7/7) Hell
    Coc (7/7) Hell            Tar (7/7) Hell            Zot (5/5) Depths:4
  IceCv (visited)          WizLab (visited)         Gauntlet (visited)

Altars:
Ashenzari
Cheibriados
Dithmenos
Elyvilon
Fedhas
Gozag
Hepliaklqana
Kikubaaqudgha
Makhleb
Nemelex Xobeh
Okawaru
Qazlal
Ru
Sif Muna
Trog
Uskayaw
Vehumet
Wu Jian
Xom
Yredelemnul
Zin
The Shining One
Jiyva
Lugonu

Shops:
D:3 :**?!   D:14 [   Orc:2 ([:*   Elf:1 !:[   Elf:3 ?   Shoals:4 :
Snake:4 ?*(*   Depths:2 *

Portals:
Hell: Depths:1 Depths:2 Depths:3 Depths:4
Abyss: Lair:5 Depths:3
Pandemonium: Depths:2 Depths:3 Depths:4
Ziggurat: Depths:1

###.##.##.#.# ##### #.#
###.......#.###...####.#
..........#............#
..#..#.#..#####...#..###
.......#..##.▒.▒.▒.▒.#
..#..###..##▒.▒.▒.▒..#
###..###..##.▒.▒.▒.▒##
###........#▒.▒.▒.▒.#
.....###.#.#.▒.▒@▒.▒#
####.###.#.#▒.▒.▒.▒.# .#
#.##..#.#.▒.▒.▒.▒# .#
#.##.##.#▒.▒.▒.▒.# .#
#.##.##........### .#
#.......######## .#
####.#### ## #.## #..#


There were no monsters in sight!


Message History

You fly upwards.
There is a stone staircase leading down here.
Things that are here:
a +0 club; a +0 dagger
Things that are here:
a +0 dagger; a +0 sling You see here 3 stones.
There is an open door here.
A hellwing comes into view.
The hellwing gives a chilling moan.
You can't go up here!
The hellwing swoops through the air toward you!
You block the hellwing's attack. x2
There is a stone staircase leading up here.
You block the hellwing's attack. x2
You fly upwards.
There is a stone staircase leading down here.
Unknown command.
You impale the hellwing!!
The hellwing is severely wounded.
You block the hellwing's attack. x2
You thump the hellwing!
The hellwing is almost dead.
You block the hellwing's attack. x2
You stick the hellwing like a pincushion!!!!
You kill the hellwing!
The Shining One accepts your kill.
You feel your power returning.
There is a staircase leading out of the dungeon here.
You have escaped!

Skill      XL: |  1  2  3  4  5  6  7  8  9 10 11 12 13 14 15 16 17 18 19 20 21 22 23 24 25 26 27 |
---------------+----------------------------------------------------------------------------------+-----
Maces & Flails | 3 4 5 7 9 10 12 13 14 15 16 17 18 19 20 21 22 27 | 27.0
Fighting       | 4 5 6 7 8 9 10 11 12 13 15 16 17 18 19 20 21 22 27 | 27.0
Armour         | 4 5 6 7 8 9 10 11 12 13 15 16 17 18 19 20 21 22 27 | 27.0
Shields        | 4 5 6 7 8 9 10 11 12 14 15 16 17 18 19 20 21 22 23 27 | 27.0
Invocations    | 3 5 7 8 10 12 13 14 15 16 17 18 19 20 21 27 | 27.0
Dodging        | 2 5 6 8 27 | 27.0
Evocations     | 27 | 27.0
Earth Magic    | 23 | 23.5

Action                     |  1- 3 |  4- 6 |  7- 9 | 10-12 | 13-15 | 16-18 | 19-21 | 22-24 | 25-27 || total
---------------------------+-------+-------+-------+-------+-------+-------+-------+-------+-------++-------
  Melee: Flail             |   100 |   104 |       |       |       |       |       |       |       ||   204
         Morningstar       |       |    29 |   340 |   388 |   750 |       |       |       |       ||  1507
         Eveningstar       |       |       |       |   171 |   557 |  1106 |   881 |  1448 |  6385 || 10548
         Sacred scourge    |       |       |       |       |       |       |       |       |  2101 ||  2101
 Invoke: Heroism           |       |       |       |     5 |     2 |     7 |     1 |       |       ||    15
         Finesse           |       |       |       |     1 |       |     1 |       |       |       ||     2
         Recite            |       |       |       |       |       |       |       |       |    46 ||    46
         Cleansing Flame   |       |       |       |       |       |       |       |       |    69 ||    69
         Divine Shield     |       |       |       |       |       |       |       |       |    13 ||    13
         Summon Divine War |       |       |       |       |       |       |       |       |     8 ||     8
         Sanctuary         |       |       |       |       |       |       |       |       |     3 ||     3
         Vitalisation      |       |       |       |       |       |       |       |       |     1 ||     1
         Imprison          |       |       |       |       |       |       |       |       |     1 ||     1
         Brand Weapon With |       |       |       |       |       |       |       |       |     1 ||     1
  Evoke: Condenser vane    |       |       |       |       |     1 |       |       |       |     2 ||     3
         Wand              |       |       |       |       |     2 |       |       |       |     8 ||    10
    Use: Scroll            |       |     8 |    11 |     8 |     5 |     9 |    12 |     3 |    58 ||   114
         Potion            |       |       |     3 |     4 |       |     1 |     2 |     1 |    66 ||    77
   Stab: Invisible         |       |       |       |     5 |       |       |       |       |       ||     5
         Distracted        |       |       |       |       |       |       |       |     1 |     2 ||     3
         Confused          |       |       |       |       |       |       |       |       |    22 ||    22
         Paralysed         |       |       |       |       |       |       |       |       |     1 ||     1
 Armour: Scale mail        |    55 |    61 |    46 |       |       |       |       |       |       ||   162
         Plate armour      |       |       |   187 |   232 |       |       |       |       |       ||   419
         Crystal plate arm |       |       |       |    72 |       |       |       |       |       ||    72
         Gold dragon scale |       |       |       |    28 |   701 |   763 |   632 |   725 |  3423 ||  6272
         Skin              |       |       |       |       |       |       |       |       |    69 ||    69
  Dodge: Dodged            |    60 |    73 |   113 |   163 |   134 |    68 |   183 |   396 |  3870 ||  5060
  Block: Buckler           |    12 |    30 |    76 |   107 |   127 |       |       |       |       ||   352
         Kite shield       |       |       |       |       |  1096 |  2361 |    46 |       |  1062 ||  4565
         Reflection        |       |       |       |       |     6 |   233 |   106 |    74 |   206 ||   625
         Tower shield      |       |       |       |       |       |       |   918 |  1469 |  9472 || 11859

Levels and vault maps discovered:
D:1:      lightli_arrival_chessboard, layout_loops_cross
D:2:      layout_basic, basic_altar, st_stairs_6, uniq_robin
D:3:      layout_basic, shapermc_ecumenical_altar_petra, serial_shops, shop,
          shop, shop, nicolae_shop_hallway_plus, shop,
          kennysheep_generic_room_7, uniq_crazy_yiuf_cottage, uniq_grinder
D:4:      layout_loops_cross, mainiacjoe_overflow_tiny_flanked, uniq_duvessa,
          uniq_menkaure
D:5:      cheibrodos_quashed, layout_rooms, kennysheep_potato
D:6:      layout_basic, zin_academy, old_standard_altar,
          gammafunk_temple_overflow_claw, minmay_temple_entry_proselytizer
D:7:      layout_loops_ring
D:8:      layout_basic, grunt_gozag_statues
D:9:      minmay_goldmine, layout_loops_ring, david_lair_generic,
          minmay_misc_feat_encased
D:10:     layout_cave_pods, grunt_temple_overflow_bloody_war,
          nicolae_qazlal_eye_of_the_storm
D:11:     layout_basic, hiddenorc1_lemuel, gauntlet_entry_generic,
          disabler_island, uniq_josephine
D:12:     cheibrodos_tormentor_scu, layout_cave_pools,
          bh_hangedman_babel_library, uniq_frances
D:13:     layout_irregular_city
D:14:     layout_roguey, erik_vaults_2, serial_shops, shop_statue, serial_ice,
          serial_ice_j, serial_ice_b, serial_ice_e, serial_ice_f, serial_ice_m,
          serial_ice_n, serial_ice_h, serial_ice_o, vehumet_altar_wand_db
D:15:     gammafunk_enter_depths_forms, layout_basic,
          nzn_hepliaklqana_mist_gate, nrook_loot_triangle
Temple:   nicolae_temple_x_marks_the_god
Lair:1:   layout_regular_city, beast_lair_carwin_1, uniq_gastronok
Lair:2:   layout_chaotic_city, minmay_shoals_entry_hut,
          minmay_snake_entry_guardpost_small, roderic_batcave
Lair:3:   layout_gridlike, cheibrodos_lair_reptile_den, grunt_megastairs_2,
          uniq_fannar
Lair:4:   layout_cellular_growth, dpeg_slime_entry_enclosed, st_stairs_7
Lair:5:   hellmonk_lair_end_abyssal_woods, layout_gridlike
Shoals:1: layout_shoals, uniq_louise
Shoals:2: layout_shoals, nicolae_shoals_lost_giant_temple
Shoals:3: nicolae_shoals_aurelia_aurita, layout_shoals,
          portal_ice_cave_entry_pillars_2
Shoals:4: shoals_end_grunt_ice, layout_shoals, serial_shops,
          nicolae_shop_hallway_stairs, nicolae_shoals_cliffside_cave,
          nicolae_shoals_circle_sea_wall
Snake:1:  layout_cave_shapes, uniq_asterion, uniq_nikola, uniq_aizul,
          uniq_jorgrun
Snake:2:  layout_onion, drop_trap
Snake:3:  layout_chambers, nrook_guardian_serpent_double,
          nicolae_triple_integral, uniq_bai_suzhen
Snake:4:  hellmonk_snake_rune_quicksilver_temple, layout_gridlike,
          nicolae_snake_squiggles, nicolae_snake_single_loop,
          grunt_ministairs_13, minmay_shoptagon
Slime:1:  cheibrodos_slime_lost_civilization_10, layout_caves
Slime:2:  layout_caves, basic_altar
Slime:3:  layout_caves
Slime:4:  layout_caves
Slime:5
Orc:1:    layout_caves
Orc:2:    grunt_orc_gardens, layout_diamond_mine, grunt_orc_garden,
          grunt_orc_garden, grunt_orc_garden, grunt_orc_garden
Elf:1:    layout_geoelf_octagon, serial_shops, bzr_in_the_mist, shop,
          nicolae_shop_competitors_out_of_business, hangedman_corner_corridor,
          minmay_misc_feat_pillars, nicolae_shop_vocational
Elf:2:    elven_hall_of_blades_hangedman_original [nicolae_blade_tridents],
          layout_loops_cross
Elf:3:    nooodl_elf_gasket, layout_geoelf_diagonals, basic_altar, serial_shops,
          statue_bzr, nicolae_shop_tiny_real_fake_doors, guppyfry_elf_castle
Vaults:1: nicolae_vaults_shrinking_rooms_1, ontoclasm_vaults_ring_small,
          nicolae_vaults_mitosis, nicolae_vaults_tetromino_L_1,
          nicolae_vaults_hexular_roomagon, vaults_room_semicircle,
          nicolae_vaults_yaktaur_gun_rack, layout_vaults_chaotic_city
Vaults:2: nicolae_vaults_arrows, nicolae_vaults_display_case,
          vaults_standard_mumra_x, vaults_room_fours,
          nicolae_vaults_little_squares_4, hangedman_vaults_unwind,
          nicolae_vaults_spaceships, nicolae_vaults_variable_pillar_hall,
          v_pattern_5, nicolae_vaults_trapezoid_layered,
          vaults_room_stairs_pillars, ontoclasm_vaults_tryst,
          nicolae_vaults_apartment_1, layout_vaults_maze, enter_trove_0,
          uniq_frederick, uniq_sojobo, uniq_margery
Vaults:3: mu_enter_wizlab_2, ontoclasm_vaults_chip, blue_anna_dwarven_crypt,
          ontoclasm_vaults_shout, nicolae_vaults_storage_closets_2,
          hangedman_vaults_stretched_pinwheel, v_misc_11, ontoclasm_vaults_eye,
          ontoclasm_vaults_pinch, nicolae_vaults_turnstiles,
          nicolae_vaults_closet_pinwheel_5, grunt_vaults_focal,
          grunt_vaults_diagonal, layout_vaults_omnicross
Vaults:4: ontoclasm_vaults_fault, nicolae_vaults_tetromino_L_2, v_misc_29,
          v_misc_10, nicolae_vaults_network_barrier,
          nicolae_vaults_stepped_doors, grunt_vaults_trifunnel,
          nicolae_vaults_little_squares_3, nicolae_vaults_diagonal_hallway_6,
          nicolae_vaults_little_squares_4, nicolae_vaults_trapezoid_1,
          nicolae_vaults_windows_and_doors_thing, v_alt_pattern_1,
          vaults_room_guarded_vault, nicolae_vaults_little_squares_6,
          layout_vaults_ring
Vaults:5
Crypt:1:  layout_chaotic_city, serial_sigils_hangedman_gut, glass_columns_b
Crypt:2:  layout_misc_corridors
Crypt:3:  church_of_pain_bobbens, layout_chaotic_city, tomb_entry_shell_bobbens
Tomb:1
Tomb:2
Tomb:3
Depths:1: layout_gridlike, enter_ziggurat_e, hangedman_coc_ice_floe,
          chequers_jeans, hangedman_decor_growths, minmay_misc_feat_columns,
          minmay_hollow_rounded_squares, serial_bayou_shore_b
Depths:2: nzn_winding_woodlands_huge [nzn_winding_woodlands_5x15_crooked,
          nzn_winding_woodlands_5x15_sidewinder,
          nzn_winding_woodlands_5x15_split_checker,
          nzn_winding_woodlands_5x15_pathside_ponds,
          nzn_winding_woodlands_5x15_longhouse,
          nzn_winding_woodlands_5x15_river_crossing,
          nzn_winding_woodlands_5x15_default,
          nzn_winding_woodlands_5x15_lazy_stream,
          nzn_winding_woodlands_5x15_default, nzn_winding_woodlands_5x15_pool,
          nzn_winding_woodlands_center_pierced_h,
          nzn_winding_woodlands_center_triple_pond,
          nzn_winding_woodlands_15x15_thick_spiral], layout_basic, serial_shops,
          nicolae_shop_advertising_works [nicolae_subvault_shop_adworks],
          hell_entry, rand_demon_pan_entry_1
Depths:3: grunt_arcs, layout_gridlike, interstate_on_off,
          hangedman_abyss_entry_splay, hell_entry, grunt_pan_entry_sceptre,
          hellmonk_ghost_happy_afterlife, nrook_kobold_shadow_demons, uniq_vv
Depths:4: grunt_twist_and_shout, layout_gridlike, serial_shops, bzr_firewalk,
          pan_entry, hell_entry, grunt_ministairs_11, serial_bayou_shore_b,
          uniq_parghit
Hell
Dis:1:    nicolae_hells_demon_pit, layout_subdivisions
Dis:2:    layout_gridville
Dis:3:    layout_gridville, lemuel_dis_dragons
Dis:4:    layout_gridville, nicolae_dis_having_a_grate_time
Dis:5:    layout_gridville, nicolae_dis_bowling_alley
Dis:6:    layout_gridville
Dis:7:    iron_city_of_dis [dis_mu, dis_wall_8], layout_gridville,
          nicolae_dis_step_into_the_octagon
Geh:1:    layout_gehenna_pools_box
Geh:2:    layout_gehenna_lava_caves
Geh:3:    layout_gehenna_pools_box
Geh:4:    layout_gehenna_pools_box
Geh:5:    layout_gehenna_lava_caves, nicolae_geh_amphitheater
Geh:6:    layout_gehenna_pools_box
Geh:7:    geh_grunt
Coc:1:    layout_ice_bergs, special_room [special_room_morgue]
Coc:2:    layout_cocytus_delve, nicolae_coc_kraken_the_ice
Coc:3:    layout_cocytus_delve
Coc:4:    layout_cocytus_water_paths
Coc:5:    layout_ice_bergs, nicolae_coc_wendigon
Coc:6:    layout_cocytus_delve
Coc:7:    coc_mu
Tar:1:    layout_cathedral_of_symmetry
Tar:2:    layout_catacombs
Tar:3:    layout_grid_maze
Tar:4:    layout_catacombs
Tar:5:    nicolae_tar_funeral_procession, layout_cathedral_of_symmetry
Tar:6:    minmay_shadows, layout_cathedral_of_symmetry,
          nicolae_tar_cuneiform_not
Tar:7:    tar_mu [tar_mu_maze]
Zot:1:    layout_cathedral_of_symmetry, grunt_ministairs_8, grunt_megastairs_1
Zot:2:    layout_basic, zot_minivault_4
Zot:3:    dreamdust_zin_vs_xom, layout_cathedral_of_symmetry,
          hangedman_elemental_grid_stream, grunt_megastairs_5, uniq_tiamat
Zot:4:    circus_mu, layout_onion, lemuel_flame_loot_1
Zot:5:    layout_cathedral_of_symmetry, lemuel_lake_of_fire

Notes
Turn   | Place    | Note
-------+----------+-------------------------------------------
     0 | D:1      | infcreate the Gargoyle Fighter began the quest for the Orb.
     0 | D:1      | Reached XP level 1. HP: 14/14 MP: 1/1
   133 | D:1      | Reached XP level 2. HP: 19/19 MP: 2/2
   519 | D:1      | Reached XP level 3. HP: 20/23 MP: 3/3
   897 | D:2      | Found a stormy altar of Qazlal.
   900 | D:2      | Reached skill level 3 in Maces & Flails
   924 | D:2      | Reached XP level 4. HP: 25/29 MP: 4/4
  1161 | D:2      | Noticed Robin
  1166 | D:2      | Killed Robin
  1586 | D:3      | Noticed a black bear
  1590 | D:3      | Killed a black bear
  1591 | D:3      | Reached skill level 4 in Fighting
  1591 | D:3      | Reached skill level 4 in Armour
  1591 | D:3      | Reached skill level 4 in Shields
  1591 | D:3      | Reached XP level 5. HP: 27/33 MP: 5/5
  1592 | D:3      | Identified a scroll of acquirement
  1674 | D:3      | Reached skill level 4 in Maces & Flails
  1712 | D:3      | Found Xazu's Book Emporium.
  1808 | D:3      | Found a faded altar of an unknown god.
  1940 | D:3      | Noticed Grinder
  1960 | D:3      | Killed Grinder
  1961 | D:3      | Reached XP level 6. HP: 39/39 MP: 6/6
  2018 | D:3      | Found a runed translucent door.
  2019 | D:3      | Noticed Crazy Yiuf
  2115 | D:3      | Found Nimex's General Store.
  2121 | D:3      | Bought a scroll of blinking for 82 gold pieces
  2121 | D:3      | Bought a +0 morningstar for 44 gold pieces
  2163 | D:3      | Found Jifoerak's Magic Scroll Boutique.
  2188 | D:3      | Found Feibbin's Distillery.
  2289 | D:3      | Found Nouj's General Store.
  2581 | D:4      | Reached XP level 7. HP: 39/44 MP: 7/7
  2646 | D:4      | Identified the ring "Hulom" {rPois rCorr}
  2831 | D:4      | Reached skill level 5 in Maces & Flails
  2864 | D:4      | Noticed Duvessa
  2864 | D:4      | Noticed Menkaure
  2882 | D:4      | Killed Menkaure
  2883 | D:4      | Reached skill level 5 in Fighting
  2883 | D:4      | Reached skill level 5 in Armour
  2883 | D:4      | Reached skill level 5 in Shields
  2959 | D:4      | Noticed Dowan
  2960 | D:4      | Killed Duvessa
  2970 | D:4      | Killed Dowan
  3077 | D:4      | Found a white marble altar of Elyvilon.
  3350 | D:5      | Entered Level 5 of the Dungeon
  3360 | D:5      | Reached XP level 8. HP: 50/50 MP: 8/8
  3456 | D:5      | Reached skill level 6 in Maces & Flails
  3815 | D:5      | Reached skill level 6 in Fighting
  3815 | D:5      | Reached skill level 6 in Armour
  3985 | D:6      | Found a shimmering blue altar of Sif Muna.
  4010 | D:6      | Reached skill level 6 in Shields
  4040 | D:6      | Reached skill level 7 in Maces & Flails
  4040 | D:6      | Found a staircase to the Ecumenical Temple.
  4048 | Temple   | Entered the Ecumenical Temple
  4114 | D:6      | Found a sacrificial altar of Ru.
  4114 | D:6      | Found a burning altar of Makhleb.
  4115 | D:6      | Found a radiant altar of Vehumet.
  4408 | D:6      | Found a glowing silver altar of Zin.
  4613 | D:6      | Reached XP level 9. HP: 52/56 MP: 9/9
  5902 | D:3      | Bought a scroll of amnesia for 44 gold pieces
  5902 | D:3      | Bought a scroll of identify for 22 gold pieces
  5902 | D:3      | Bought a scroll of identify for 22 gold pieces
  5902 | D:3      | Bought a scroll of noise for 11 gold pieces
  5957 | D:3      | Killed Crazy Yiuf
  6069 | D:3      | Bought 2 scrolls of identify for 44 gold pieces
  6470 | D:8      | Found an opulent altar of Gozag.
  6507 | D:8      | Reached skill level 8 in Maces & Flails
  6948 | D:8      | Reached skill level 7 in Fighting
  6948 | D:8      | Reached skill level 7 in Armour
  6948 | D:8      | Reached skill level 7 in Shields
  7150 | D:9      | Noticed a hornet
  7159 | D:9      | Killed a hornet
  7175 | D:9      | Noticed a troll
  7231 | D:8      | Killed a troll
  7405 | D:9      | Reached skill level 9 in Maces & Flails
  7405 | D:9      | Reached XP level 10. HP: 29/63 MP: 5/10
  7864 | D:9      | Noticed a death yak
  7882 | D:9      | Killed a death yak
  7883 | D:9      | Reached skill level 8 in Fighting
  7884 | D:9      | Reached skill level 8 in Armour
  7884 | D:9      | Reached skill level 8 in Shields
  7888 | D:9      | Found a staircase to the Lair.
  8046 | D:9      | Noticed a white ugly thing
  8059 | D:9      | Killed a white ugly thing
  8060 | D:9      | Reached skill level 10 in Maces & Flails
  8598 | D:10     | Entered Level 10 of the Dungeon
  9174 | D:10     | Found an iron altar of Okawaru.
  9178 | D:10     | Found a bloodstained altar of Trog.
  9194 | D:10     | Became a worshipper of Warmaster Okawaru
  9264 | D:10     | Found a stormy altar of Qazlal.
  9504 | D:11     | Found a gate leading to a gauntlet.
  9519 | D:11     | Reached XP level 11. HP: 18/69 MP: 2/11
  9635 | Gauntlet | Entered a Gauntlet
  9635 | Gauntlet | Found a transporter.
  9638 | Gauntlet | Noticed a worldbinder
  9695 | Gauntlet | Found a transporter.
  9695 | Gauntlet | Found a transporter.
  9696 | Gauntlet | Found a transporter.
  9707 | Gauntlet | Found a transporter.
  9708 | Gauntlet | Found a transporter.
  9714 | Gauntlet | Noticed a blizzard demon
  9718 | Gauntlet | Found a transporter.
  9720 | Gauntlet | Found a transporter.
  9721 | Gauntlet | Found a transporter.
  9724 | Gauntlet | Noticed a necromancer
  9725 | Gauntlet | Noticed a death yak
  9726 | Gauntlet | Noticed a death yak
  9729 | Gauntlet | Found a transporter.
  9732 | Gauntlet | Found a transporter.
  9732 | Gauntlet | Noticed a death yak
  9733 | Gauntlet | Found a transporter.
  9734 | Gauntlet | Noticed a death yak
  9739 | Gauntlet | Noticed a death yak
  9749 | Gauntlet | Found a transporter.
  9749 | Gauntlet | Noticed a hell hog
  9775 | Gauntlet | Noticed a death yak
  9789 | Gauntlet | Found a transporter.
  9829 | Gauntlet | Acquired the +7 morningstar of World's End {protect, rN+}
  9832 | Gauntlet | Acquired the +0 helmet "Zucaomich" {rC+ rN++ Regen+ Stlth-}
  9854 | Gauntlet | Noticed a necromancer
  9854 | Gauntlet | Noticed a necromancer
  9856 | Gauntlet | Killed a worldbinder
  9860 | Gauntlet | Identified the ring "Umidaexag" {rF+ rCorr Dex+2}
  9884 | Gauntlet | Reached * piety under Okawaru
  9885 | Gauntlet | Reached skill level 9 in Fighting
  9886 | Gauntlet | Reached skill level 9 in Armour
  9886 | Gauntlet | Reached skill level 9 in Shields
  9888 | Gauntlet | Reached skill level 11 in Maces & Flails
  9928 | Gauntlet | Killed a blizzard demon
  9974 | Gauntlet | Killed a necromancer
  9974 | Gauntlet | Reached ** piety under Okawaru
  9986 | Gauntlet | Killed a death yak
  9987 | Gauntlet | Reached skill level 1 in Invocations
  9996 | Gauntlet | Killed a death yak
  9998 | Gauntlet | Killed a death yak
  9999 | Gauntlet | Reached skill level 2 in Invocations
 10008 | Gauntlet | Killed a death yak
 10008 | Gauntlet | Reached *** piety under Okawaru
 10015 | Gauntlet | Killed a death yak
 10020 | Gauntlet | Killed a death yak
 10132 | Gauntlet | Killed a hell hog
 10132 | Gauntlet | Reached **** piety under Okawaru
 10133 | Gauntlet | Reached skill level 12 in Maces & Flails
 10133 | Gauntlet | Reached skill level 3 in Invocations
 10148 | Gauntlet | Reached XP level 12. HP: 63/77 MP: 7/14
 10250 | Gauntlet | Identified a +0 crystal plate armour
 10250 | Gauntlet | Noticed a minotaur
 10264 | Gauntlet | Killed a minotaur
 10265 | Gauntlet | Reached skill level 10 in Fighting
 10265 | Gauntlet | Reached skill level 10 in Shields
 10354 | Gauntlet | Got Ozidghaa's Secrets of Ruinous Resurrection
 10431 | D:11     | Paralysed by a floating eye for 2 turns
 10465 | D:11     | Reached skill level 10 in Armour
 10541 | D:11     | Reached skill level 4 in Invocations
 10541 | D:11     | Paralysed by a floating eye for 3 turns
 10728 | D:11     | Noticed Josephine
 10741 | D:11     | Killed Josephine
 10742 | D:11     | Reached ***** piety under Okawaru
 11136 | D:11     | Found a staircase to the Orcish Mines.
 11383 | D:11     | Identified the +3 whip "Yntyst" {freeze, rF+ rC+ MP+9
                  | Str-3}
 11512 | Lair:1   | Entered Level 1 of the Lair of Beasts
 11520 | Lair:1   | Noticed Gastronok
 11536 | Lair:1   | Killed Gastronok
 11537 | Lair:1   | Reached skill level 13 in Maces & Flails
 11537 | Lair:1   | Reached skill level 5 in Invocations
 11786 | Lair:1   | Reached XP level 13. HP: 73/84 MP: 14/17
 12496 | Lair:2   | Found a staircase to the Snake Pit.
 12567 | Lair:2   | Reached skill level 11 in Shields
 12582 | Lair:2   | Reached ****** piety under Okawaru
 12595 | Lair:2   | Reached skill level 11 in Fighting
 12595 | Lair:2   | Reached skill level 6 in Invocations
 12600 | Lair:2   | Reached skill level 11 in Armour
 12967 | Lair:2   | Found a staircase to the Shoals.
 13375 | Lair:3   | Found the +3 hat of Pondering {ponderous, Will+ MP+10
                  | Int+5}
 13597 | Lair:3   | Reached skill level 14 in Maces & Flails
 13907 | Lair:3   | Noticed Fannar
 13924 | Lair:3   | Killed Fannar
 14049 | Lair:4   | Found a staircase to the Slime Pits.
 14170 | Lair:4   | Identified the +3 chain mail of the Beloved God {rC- Str+2
                  | Slay+2} (Okawaru gifted it to you on level 4 of the Lair of
                  | Beasts)
 14170 | Lair:4   | Received a gift from Okawaru
 14729 | Lair:4   | Reached skill level 7 in Invocations
 14747 | Lair:4   | Identified the +9 quarterstaff of the Penguin {spect, *Rage
                  | rPois rC+ rN++}
 14864 | Lair:5   | Entered Level 5 of the Lair of Beasts
 15280 | Lair:5   | Gained mutation: Your large and strong wings let you fly.
                  | [Gargoyle growth]
 15280 | Lair:5   | Reached XP level 14. HP: 91/91 MP: 17/19
 15777 | Lair:5   | Reached skill level 12 in Shields
 15871 | Lair:5   | Received a gift from Okawaru
 15871 | Lair:5   | Found the +18 shield of the Gong {Loud rN+ Will+ rCorr
                  | EV-5}
 15953 | Lair:5   | Reached skill level 12 in Fighting
 15963 | Lair:5   | Reached skill level 15 in Maces & Flails
 15963 | Lair:5   | Reached skill level 12 in Armour
 15995 | Lair:5   | Found a corrupted altar of Lugonu.
 15995 | Lair:5   | Found a one-way gate to the infinite horrors of the Abyss.
 16044 | Lair:5   | Identified the ring "Zerosh" {Fire rPois Will+++ Int-2
                  | Stlth-}
 16383 | Orc:1    | Entered Level 1 of the Orcish Mines
 16493 | Orc:2    | Entered Level 2 of the Orcish Mines
 16564 | Orc:2    | Reached skill level 8 in Invocations
 16643 | Orc:2    | Noticed an orc warlord
 16670 | Orc:2    | Killed an orc warlord
 16986 | Orc:2    | Found Bohiv's Antique Weapon Shoppe.
 17032 | Orc:2    | Found Xuruhom's Antique Armour Boutique.
 17160 | Orc:2    | Found a staircase to the Elven Halls.
 17272 | Orc:2    | Found Fuesch's Book Emporium.
 17352 | Orc:2    | Found Qusy's General Store.
 17360 | Orc:2    | Bought a scroll of enchant weapon for 105 gold pieces
 17904 | D:11     | Received a gift from Okawaru
 18051 | D:12     | Noticed Frances
 18066 | D:12     | Killed Frances
 18067 | D:12     | Reached XP level 15. HP: 79/97 MP: 14/21
 18175 | D:12     | Reached skill level 9 in Invocations
 18408 | D:12     | Got the Grimoire of Dhcmrlchtdj
 18415 | D:12     | Got the Tome of Plaster Cramp
 18459 | D:12     | Got the Compilation of Sand
 19081 | D:3      | Bought a potion of haste for 110 gold pieces
 19081 | D:3      | Bought a potion of cancellation for 88 gold pieces
 19081 | D:3      | Bought a wand of digging (2) for 92 gold pieces
 19200 | D:3      | Bought a scroll of immolation for 44 gold pieces
 19200 | D:3      | Bought a potion of berserk rage for 55 gold pieces
 19230 | D:3      | Bought a potion of haste for 140 gold pieces
 19230 | D:3      | Bought a potion of heal wounds for 70 gold pieces
 19230 | D:3      | Bought a potion of resistance for 140 gold pieces
 19474 | D:12     | Reached skill level 16 in Maces & Flails
 19536 | D:12     | Got Guakkaim's Incunabulum of Scorching Lithomancy
 19725 | D:13     | Reached skill level 13 in Shields
 19898 | D:13     | Reached skill level 13 in Fighting
 19898 | D:13     | Reached skill level 13 in Armour
 20431 | D:14     | Found Zamm's Antique Armour Shop.
 20435 | D:14     | Bought a pair of encrusted boots for 342 gold pieces
 20435 | D:14     | Identified the +0 pair of boots of Boredom {-Cast rElec
                  | Regen+ Str+4} (You bought it in a shop on level 14 of the
                  | Dungeon)
 20497 | D:13     | Identified the +0 plate armour of Fuwan {rF++} (Okawaru
                  | gifted it to you on level 13 of the Dungeon)
 20497 | D:13     | Received a gift from Okawaru
 20802 | D:14     | Reached skill level 10 in Invocations
 20907 | D:14     | Found a gate to the Vaults.
 20943 | D:14     | Found a radiant altar of Vehumet.
 21168 | D:15     | Entered Level 15 of the Dungeon
 21835 | D:15     | Found a staircase to the Depths.
 21950 | D:15     | Found a hazy altar of Hepliaklqana.
 22223 | Shoals:1 | Entered Level 1 of the Shoals
 22248 | Shoals:1 | Reached skill level 14 in Shields
 22284 | Shoals:1 | Reached XP level 16. HP: 77/105 MP: 24/24
 22288 | Shoals:1 | Reached skill level 14 in Fighting
 22305 | Lair:2   | Reached skill level 14 in Armour
 22365 | Shoals:1 | Reached skill level 11 in Invocations
 22475 | Shoals:1 | Noticed Louise
 22481 | Shoals:1 | Received a gift from Okawaru
 22508 | Shoals:1 | Killed Louise
 23848 | Shoals:2 | Noticed a kraken
 23977 | Shoals:2 | Killed a kraken
 24377 | Shoals:3 | Reached skill level 15 in Shields
 24436 | Shoals:3 | Found a frozen archway.
 24445 | IceCv    | Entered an ice cave
 24454 | IceCv    | Reached skill level 12 in Invocations
 24491 | IceCv    | Reached skill level 15 in Fighting
 24493 | IceCv    | Reached skill level 15 in Armour
 24717 | IceCv    | Reached XP level 17. HP: 101/113 MP: 26/26
 24773 | IceCv    | Identified the +1 hat "Gishum" {Harm rC- Int+2}
 25046 | IceCv    | Identified the +2 pair of boots of Okawaru {rElec Dex+3}
                  | (Okawaru gifted it to you in an ice cave)
 25046 | IceCv    | Received a gift from Okawaru
 25850 | Shoals:4 | Entered Level 4 of the Shoals
 25914 | Shoals:4 | Found Fyofas's Book Shoppe.
 26025 | Shoals:4 | Reached skill level 13 in Invocations
 26190 | Shoals:4 | Reached skill level 16 in Shields
 26228 | Shoals:4 | Identified the +7 ring mail of Morality {+Blink Int-5 SInv}
 26312 | Shoals:4 | Reached skill level 16 in Fighting
 26312 | Shoals:4 | Reached skill level 16 in Armour
 26562 | Shoals:4 | Identified the +9 mace "Estrexete" {freeze, +Blink rC+}
 26587 | Shoals:4 | Identified the +1 crystal plate armour of Focus {*Slow
                  | rElec rC- Str+8}
 26864 | Shoals:4 | Got a barnacled rune of Zot
 26945 | Shoals:4 | Identified the +1 ice dragon scales of Dogmatism {rPois rF-
                  | rC++ rN+++ Str-2 Dex-4}
 26975 | Shoals:4 | Identified the +1 helmet "Xosmoiqa" {Str+2} (Okawaru gifted
                  | it to you on level 4 of the Shoals)
 26975 | Shoals:4 | Received a gift from Okawaru
 27097 | Snake:1  | Entered Level 1 of the Snake Pit
 27215 | Snake:1  | Noticed Asterion
 27215 | Snake:1  | Noticed Aizul
 27215 | Snake:1  | Noticed Jorgrun
 27227 | Snake:1  | Noticed Nikola
 27232 | Snake:1  | Killed Jorgrun
 27236 | Snake:1  | Killed Aizul
 27241 | Snake:1  | Killed Asterion
 27264 | Snake:1  | Reached XP level 18. HP: 110/120 MP: 28/28
 27326 | Snake:1  | Killed Nikola
 27985 | Snake:2  | Reached skill level 14 in Invocations
 28099 | Snake:2  | Received a gift from Okawaru
 28627 | Snake:3  | Noticed Bai Suzhen
 28645 | Snake:3  | Killed Bai Suzhen
 29684 | Snake:4  | Entered Level 4 of the Snake Pit
 29759 | Snake:4  | Received a gift from Okawaru
 29778 | Snake:4  | Reached skill level 17 in Shields
 29895 | Snake:4  | Found Xecorif's Magic Scroll Shoppe.
 29909 | Snake:4  | Found Viwaynk's Weapon Emporium.
 29909 | Snake:4  | Found Zicryceb's General Store.
 29919 | Snake:4  | Found Bacucoyrem's Assorted Antiques.
 29921 | Snake:4  | Bought a scroll of enchant armour for 142 gold pieces
 29921 | Snake:4  | Bought 2 scrolls of teleportation for 114 gold pieces
 29931 | Snake:4  | Bought a potion of heal wounds for 100 gold pieces
 29931 | Snake:4  | Bought 2 potions of might for 160 gold pieces
 29956 | Snake:4  | Noticed a quicksilver dragon
 29968 | Snake:4  | Killed a quicksilver dragon
 29973 | Snake:4  | Reached skill level 17 in Fighting
 30010 | Snake:4  | Reached skill level 17 in Armour
 30011 | Snake:4  | Noticed a quicksilver dragon
 30016 | Snake:4  | Killed a quicksilver dragon
 30185 | Snake:4  | Reached XP level 19. HP: 117/128 MP: 30/30
 30237 | Snake:4  | Received a gift from Okawaru
 30747 | Snake:4  | Got a serpentine rune of Zot
 31227 | Elf:1    | Entered Level 1 of the Elven Halls
 31243 | Elf:1    | Found Wyofett's Armour Boutique.
 31256 | Elf:1    | Bought a +0 tower shield of reflection for 127 gold pieces
 31262 | Elf:1    | Bought a +2 pair of gloves of strength for 322 gold pieces
 31321 | Elf:1    | Reached skill level 15 in Invocations
 31403 | Elf:1    | Found Suromi Lani's Vocational Training.
 31434 | Elf:1    | Found Syzut's Distillery.
 31463 | Elf:1    | Found a flickering gateway to a bazaar.
 31468 | Bazaar   | Entered a bazaar
 31488 | Bazaar   | Found Joilap's Distillery.
 31517 | Bazaar   | Found Esimevvoyc's Jewellery Emporium.
 31517 | Bazaar   | Found Rife's Book Shoppe.
 31539 | Bazaar   | Found Muocan's Distillery.
 31539 | Bazaar   | Found Ocidyew's Book Shoppe.
 31625 | Bazaar   | Bought a potion of experience for 550 gold pieces
 31631 | Bazaar   | Reached skill level 17 in Maces & Flails
 31631 | Bazaar   | Reached XP level 20. HP: 134/134 MP: 31/31
 32301 | Elf:2    | Identified the +5 arbalest of Midwinter {heavy, Fragile
                  | rPois rC++ SInv}
 32321 | Elf:2    | Found a runed translucent gate.
 32323 | Elf:2    | Found a runed translucent gate.
 32323 | Elf:2    | Found a runed translucent gate.
 32324 | Elf:2    | Received a gift from Okawaru
 33103 | Elf:2    | Reached skill level 18 in Shields
 33135 | Elf:2    | Identified the +0 flail "Jahoh" {heavy, rElec Str+8}
                  | (Okawaru gifted it to you on level 2 of the Elven Halls)
 33135 | Elf:2    | Received a gift from Okawaru
 33165 | Elf:2    | Acquired the amulet "Bih Ukhla" {Contam Drain Regen+ Dex+8}
 33319 | Elf:3    | Entered Level 3 of the Elven Halls
 33474 | Elf:3    | Reached skill level 18 in Fighting
 33498 | Elf:3    | Reached skill level 1 in Dodging
 33630 | Elf:3    | Found a gateway to a bazaar.
 33868 | Elf:3    | Reached skill level 18 in Armour
 33873 | Elf:3    | Found a shimmering blue altar of Sif Muna.
 33916 | Elf:3    | Found Biphoufe's Magic Scroll Shop.
 33919 | Elf:3    | Bought a scroll of enchant weapon for 127 gold pieces
 34061 | Elf:3    | Noticed a Tzitzimitl
 34272 | Elf:3    | Identified the ring "Woutir" {Str+3 Dex+6}
 34346 | Elf:3    | You are cast into the Abyss!
 34346 | Abyss:2  | Cast into level 2 of the Abyss (deep elf death mage)
 34492 | Abyss:2  | Found a corrupted altar of Lugonu.
 34530 | Abyss:2  | Reached skill level 2 in Dodging
 34628 | Abyss:2  | Identified the +1 scale mail of Voiptur {rF+ Regen+}
                  | (Okawaru gifted it to you on level 2 of the Abyss)
 34628 | Abyss:2  | Received a gift from Okawaru
 34676 | Abyss:2  | Reached skill level 16 in Invocations
 34683 | Abyss:2  | Noticed a profane servitor
 34699 | Abyss:2  | Killed a profane servitor
 34778 | Abyss:2  | Found a corrupted altar of Lugonu.
 34812 | Abyss:2  | Reached XP level 21. HP: 141/141 MP: 33/33
 34814 | Elf:3    | You pass through the gate.
 34814 | Elf:3    | Escaped the Abyss
 34835 | Elf:3    | Identified the +6 great mace of Haib {pain, Fragile Fly
                  | rCorr Dex+4}
 35035 | Elf:3    | Reached skill level 3 in Dodging
 35063 | Elf:3    | Identified the +1 great sword of the Powerful God {drain,
                  | Will+ Str+4 SInv}
 35597 | Elf:3    | Identified the +9 scimitar of Perfectionism {heavy, Contam
                  | rN++ Will+ SInv} (Okawaru gifted it to you on level 3 of
                  | the Elven Halls)
 35597 | Elf:3    | Received a gift from Okawaru
 35634 | Elf:3    | Identified the +1 leather armour of Past Mistakes {-Cast
                  | rPois Str+4 Stlth+}
 35651 | Elf:3    | Acquired 674 gold pieces
 35671 | Elf:3    | Identified the +0 sling of Wu Jian's Displeasure
                  | {antimagic, rPois Int+4}
 35715 | Elf:3    | Got the Codex of Disjunct Ouranomancy
 35720 | Elf:3    | Got the Opusculum on Amorphous Iniquitous Deeds
 35722 | Elf:3    | Identified the staff of cold "Ygryulio" {rC+ Will+ Str+2}
 35722 | Elf:3    | Identified the staff of air "Riypimy" {rElec rC+ Dex+4}
 35809 | Elf:3    | Identified the -1 pair of gloves "Bagang" {Dex+5}
 36041 | Vaults:1 | Entered Level 1 of the Vaults
 36078 | Vaults:1 | Reached skill level 18 in Maces & Flails
 36078 | Vaults:1 | Reached skill level 4 in Dodging
 36659 | Vaults:1 | Identified the +0 scale mail of Omission {rPois Str+2
                  | Stlth-} (Okawaru gifted it to you on level 1 of the Vaults)
 36659 | Vaults:1 | Received a gift from Okawaru
 37385 | Vaults:2 | Noticed Frederick
 37395 | Vaults:2 | Killed Frederick
 37396 | Vaults:2 | Reached skill level 19 in Shields
 37398 | Vaults:2 | Found a portal to a secret trove of treasure.
 37448 | Vaults:2 | Reached skill level 5 in Dodging
 37448 | Vaults:2 | Reached XP level 22. HP: 148/148 MP: 34/34
 37478 | Vaults:2 | Noticed Margery
 37488 | Vaults:2 | Reached skill level 19 in Fighting
 37494 | Vaults:2 | Killed Margery
 37495 | Vaults:2 | Reached skill level 17 in Invocations
 37499 | Vaults:2 | Reached skill level 19 in Armour
 37931 | Vaults:2 | Received a gift from Okawaru
 37941 | Vaults:2 | Reached skill level 6 in Dodging
 38000 | Vaults:2 | Identified the +3 mace "Qucwouna" {flame, rPois rN+ SInv}
 38445 | Vaults:2 | Noticed Sojobo
 38458 | Vaults:2 | Killed Sojobo
 38727 | Vaults:3 | Found a magical portal.
 38782 | WizLab   | Entered Cigotuvi's Fleshworks
 38851 | WizLab   | Gained mutation: Your spells are a little easier to cast,
                  | but a little less powerful. [mutagenic glow]
 38857 | WizLab   | Gained mutation: You are vulnerable to cold. (rC-)
                  | [mutagenic glow]
 38964 | WizLab   | Paralysed by a floating eye for 4 turns
 38973 | WizLab   | Paralysed by a floating eye for 2 turns
 38980 | WizLab   | Paralysed by a floating eye for 3 turns
 38991 | WizLab   | Paralysed by a floating eye for 3 turns
 39430 | WizLab   | Identified the +0 helmet of the Shore {Harm} (Okawaru
                  | gifted it to you in a wizard's laboratory)
 39430 | WizLab   | Received a gift from Okawaru
 39502 | WizLab   | Found the -2 hat of the Alchemist {rElec rPois rF+ rC+ rN+
                  | Will+ rMut rCorr}
 39706 | Vaults:3 | Identified the +8 chain mail of Jyze {Int+3}
 39716 | Vaults:3 | Reached XP level 23. HP: 156/156 MP: 35/35
 40151 | Vaults:3 | Found a staircase to the Crypt.
 40187 | Vaults:3 | Reached skill level 19 in Maces & Flails
 40187 | Vaults:3 | Reached skill level 7 in Dodging
 40281 | Vaults:3 | Reached skill level 18 in Invocations
 40671 | Vaults:4 | Reached skill level 20 in Shields
 40796 | Vaults:4 | Paralysed by a sphinx for 2 turns
 40811 | Vaults:4 | Lost mutation: You are vulnerable to cold. (rC-) [potion of
                  | mutation]
 40811 | Vaults:4 | Lost mutation: Your spells are a little easier to cast, but
                  | a little less powerful. [potion of mutation]
 40811 | Vaults:4 | Gained mutation: You have hidden genetic potential. [potion
                  | of mutation]
 40811 | Vaults:4 | Gained mutation: A frigid envelope surrounds you and
                  | freezes all who hurt you. [potion of mutation]
 40811 | Vaults:4 | Gained mutation: You are agile. (Dex +4, Str/Int -1)
                  | [potion of mutation]
 41148 | Vaults:4 | Reached skill level 20 in Fighting
 41483 | Vaults:4 | Reached skill level 20 in Armour
 42109 | D:6      | Fell from the grace of Okawaru
 42109 | D:6      | Became a worshipper of Zin the Law-Giver
 42109 | D:6      | Reached * piety under Zin
 42109 | D:6      | Reached ** piety under Zin
 42330 | Depths:1 | Entered Level 1 of the Depths
 42598 | Depths:1 | Paralysed by a floating eye for 3 turns
 42614 | Depths:1 | Reached *** piety under Zin
 42868 | Depths:1 | Found a one-way gateway to a ziggurat.
 42913 | Depths:1 | Reached skill level 8 in Dodging
 42950 | Depths:1 | Reached **** piety under Zin
 43027 | Depths:1 | Found a gateway to Hell.
 43235 | Depths:1 | Reached XP level 24. HP: 161/164 MP: 36/36
 43783 | Depths:2 | Reached ***** piety under Zin
 43787 | Depths:2 | Identified the +4 falchion "Joix" {flame, Str+7}
 44132 | Depths:2 | Reached skill level 19 in Invocations
 44176 | Depths:2 | Found a one-way gate leading to the halls of Pandemonium.
 44700 | Depths:2 | Reached skill level 20 in Maces & Flails
 44700 | Depths:2 | Reached skill level 21 in Shields
 44826 | Depths:2 | Found Melytz's General Store.
 44834 | Depths:2 | Bought a potion of might for 68 gold pieces
 45165 | Depths:3 | Reached skill level 21 in Fighting
 45202 | Depths:3 | Noticed Cioh's ghost (adept TrMo)
 45235 | Depths:3 | Reached skill level 21 in Armour
 45240 | Depths:3 | Found a runed translucent door.
 45633 | Depths:3 | Got Sif Muna's Quarto of Flamy Assembling
 45641 | Depths:3 | Identified the +10 hand axe of Honour {drain, rC+ Will+
                  | Int+2 Stlth-}
 45661 | Depths:3 | Reached XP level 25. HP: 171/171 MP: 36/36
 45676 | Depths:3 | Identified the ring "Fih Loth" {rF+ rN+ rCorr Dex+2}
 45727 | Depths:3 | Was forgiven by Okawaru
 45863 | Depths:3 | Reached ****** piety under Zin
 45899 | Depths:3 | Noticed Vv
 45947 | Depths:3 | Killed Vv
 46399 | Depths:3 | Killed Cioh's ghost
 46450 | Depths:4 | Entered Level 4 of the Depths
 46518 | Depths:4 | Found a gate to the Realm of Zot.
 46528 | Depths:4 | Noticed a caustic shrike
 46530 | Depths:4 | Killed a caustic shrike
 46585 | Depths:4 | Found a flickering gateway to a bazaar.
 46597 | Bazaar   | Entered a bazaar
 46597 | Bazaar   | Found Zezxeon's Book Boutique.
 46599 | Bazaar   | Found Wasoxt's Antique Weapon Boutique.
 46610 | Bazaar   | Found Qumemucw's Distillery.
 46637 | Bazaar   | Found Effud's Assorted Antiques.
 46665 | Bazaar   | Bought a scroll of fog for 84 gold pieces
 46678 | Bazaar   | Bought a manual of Maces & Flails for 880 gold pieces
 46693 | Bazaar   | Bought a potion of might for 32 gold pieces
 46693 | Bazaar   | Bought a potion of heal wounds for 40 gold pieces
 46693 | Bazaar   | Bought a potion of haste for 80 gold pieces
 46902 | Depths:4 | Noticed a caustic shrike
 46906 | Depths:4 | Killed a caustic shrike
 46908 | Depths:4 | Noticed a caustic shrike
 46917 | Depths:4 | Killed a caustic shrike
 46918 | Depths:4 | Reached skill level 20 in Invocations
 46942 | Depths:4 | Noticed a caustic shrike
 46952 | Depths:4 | Killed a caustic shrike
 47065 | Depths:4 | Noticed Parghit
 47067 | Depths:4 | Identified the +6 battleaxe of Doubt {flame, Int+3}
 47096 | Depths:4 | Killed Parghit
 47870 | Bazaar   | Entered a bazaar
 47870 | Bazaar   | Found Xaocuedd's Antique Armour Boutique.
 47870 | Bazaar   | Found Hiqiqotu's Armour Shop.
 47870 | Bazaar   | Found Irpheyderch's Weapon Shop.
 47882 | Bazaar   | Bought a pair of distressingly furry gloves for 228 gold
                  | pieces
 47882 | Bazaar   | Identified the +3 pair of gloves of Indemnity {rPois rC+}
                  | (You bought it in a shop in a bazaar)
 48278 | Vaults:5 | Entered Level 5 of the Vaults
 48337 | Vaults:5 | Reached skill level 21 in Maces & Flails
 48365 | Vaults:5 | Noticed a dread lich
 48371 | Vaults:5 | Paralysed by something for 5 turns
 48375 | Vaults:5 | Killed a dread lich
 48391 | Vaults:5 | Identified the ring "Araotoan" {rPois rC+ rCorr}
 48392 | Vaults:5 | Reached skill level 22 in Shields
 48472 | Vaults:5 | Reached skill level 22 in Fighting
 48472 | Vaults:5 | Reached skill level 22 in Armour
 48494 | Vaults:5 | Reached XP level 26. HP: 179/179 MP: 37/37
 48572 | Vaults:5 | Identified the +11 long sword "Eninaribb" {freeze, rPois
                  | rCorr}
 48761 | Vaults:5 | Identified the +9 rapier of the Tooth {drain, rN+ Will+
                  | Str+2}
 48990 | Vaults:5 | Got a silver rune of Zot
 49103 | Vaults:5 | Identified the staff of death "Lucoudug" {rElec rN+ Will++
                  | Str-2 Dex+3}
 49133 | Vaults:5 | Reached skill level 22 in Maces & Flails
 49185 | Vaults:5 | Noticed an ancient lich
 49193 | Vaults:5 | Killed an ancient lich
 49278 | Vaults:5 | Identified the +3 morningstar of Fewk {venom, SInv}
 49283 | Vaults:5 | Identified the +5 lajatang of Ibiocoroe {freeze, rF+ Str+2}
 49302 | Vaults:5 | Identified the +2 chain mail "Jeifaf" {+Blink rC+ Stlth+}
 49340 | Vaults:5 | Got the Reference Book on Conjury and Ashes
 49718 | Vaults:5 | Identified the ring "Zuhudoh" {*Corrode rF+++ Will+++ Str+3
                  | Dex+6}
 49738 | Vaults:5 | Identified the ring of Sakon {rPois rF+ rN+}
 50146 | Slime:1  | Entered Level 1 of the Pits of Slime
 51030 | Slime:3  | Reached skill level 21 in Invocations
 51064 | Slime:2  | Found a viscous altar of Jiyva.
 51988 | Slime:5  | Entered Level 5 of the Pits of Slime
 52107 | Slime:5  | Noticed the Royal Jelly
 52129 | Slime:5  | Found a viscous altar of Jiyva.
 52176 | Slime:5  | Killed the Royal Jelly
 52270 | Slime:5  | Acquired 596 gold pieces
 52272 | Slime:5  | Identified the +0 ring mail "Ehidoin" {Rampage Stlth+}
 52275 | Slime:5  | Identified the +6 long sword of Proximity {flame, rN+ Str+2
                  | Int+5}
 52283 | Slime:5  | Got the Cyclopedia of Graupel
 52301 | Slime:5  | Identified the staff of cold "Kouteo" {rElec rC+ Dex-2
                  | Stlth+}
 52304 | Slime:5  | Identified the +1 ring mail of Vuycewepa {Fly rC+ Int-4}
 52306 | Slime:5  | Identified the +3 great sword of Riaghaq {pain, rElec rN+}
 52311 | Slime:5  | Acquired 800 gold pieces
 52321 | Slime:5  | Identified the +4 plate armour of Mieced {Str+2 Int+3}
 52334 | Slime:5  | Identified the staff of fire "Onyoq" {rElec rF+ rCorr
                  | Int-5}
 52339 | Slime:5  | Got a slimy rune of Zot
 52348 | Slime:5  | Identified the +7 shortbow of Dukykleu {antimagic, +Blink
                  | Will+ Str+2 Int+2}
 52351 | Slime:5  | Identified the +6 shortbow "Goxkug" {speed, *Corrode rF+
                  | rN+ Stlth+}
 52864 | Lair:5   | Voluntarily entered the Abyss.
 52865 | Abyss:2  | Found a shadowy altar of Dithmenos.
 52901 | Abyss:3  | Found a corrupted altar of Lugonu.
 52955 | Abyss:3  | Reached skill level 23 in Shields
 53019 | Abyss:3  | Reached XP level 27. HP: 186/186 MP: 37/37
 53054 | Abyss:3  | Found a corrupted altar of Lugonu.
 53105 | Abyss:3  | Reached skill level 23 in Maces & Flails
 53258 | Abyss:4  | Reached skill level 23 in Fighting
 53278 | Abyss:4  | Reached skill level 23 in Armour
 53302 | Abyss:4  | Got an abyssal rune of Zot
 53320 | Lair:5   | You pass through the gate.
 53320 | Lair:5   | Escaped the Abyss
 53818 | Crypt:1  | Entered Level 1 of the Crypt
 53911 | Crypt:1  | Noticed a curse skull
 53919 | Crypt:1  | Killed a curse skull
 53953 | Crypt:1  | Noticed an ancient lich
 53964 | Crypt:1  | Killed an ancient lich
 54871 | Crypt:2  | Identified the +4 falchion of the Volcano {holy, rN+ rCorr}
 55209 | Crypt:3  | Entered Level 3 of the Crypt
 55228 | Crypt:3  | Reached skill level 22 in Invocations
 55544 | Crypt:3  | Reached skill level 24 in Maces & Flails
 55572 | Crypt:3  | Found a basalt altar of Yredelemnul.
 55717 | Crypt:3  | Noticed a curse skull
 55726 | Crypt:3  | Killed a curse skull
 55772 | Crypt:3  | Identified the staff of death "Ybiytiqe" {rElec rN+ Will+}
 55776 | Crypt:3  | Identified the ring of Saegh {rPois Will+}
 55780 | Crypt:3  | Identified the +2 scale mail of the Harvest Moon {Int+3
                  | Dex+4}
 56178 | Crypt:3  | Found a staircase to the Tomb.
 56298 | Crypt:3  | Acquired 459 gold pieces
 56714 | Pan      | Entered Pandemonium
 56818 | Pan      | Noticed Dak Ery the pandemonium lord
 56830 | Pan      | Killed Dak Ery the pandemonium lord
 56952 | Pan      | Identified a +2 robe of the Archmagi
 57075 | Pan      | Identified the +5 ring mail of Sock {rPois rC+ Regen+ Str+2
                  | Stlth-}
 57460 | Pan      | Noticed Yboamp the pandemonium lord
 57478 | Pan      | Killed Yboamp the pandemonium lord
 57479 | Pan      | Reached skill level 24 in Shields
 57919 | Pan      | Reached skill level 24 in Fighting
 58139 | Pan      | Reached skill level 24 in Armour
 58192 | Pan      | Noticed Leix the pandemonium lord
 58207 | Pan      | Killed Leix the pandemonium lord
 58775 | Pan      | Reached skill level 25 in Maces & Flails
 59246 | Pan      | Found an exit through the horrors of the Abyss.
 60300 | Pan      | Reached skill level 23 in Invocations
 60424 | Pan      | Noticed Rezxa the pandemonium lord
 60504 | Pan      | Killed Rezxa the pandemonium lord
 60731 | Pan      | Got a demonic rune of Zot
 61405 | Pan      | Found a glowing silver altar of Zin.
 61878 | Pan      | Identified +0 pearl dragon scales
 62174 | Pan      | Found a white marble altar of Elyvilon.
 62357 | Pan      | Identified +0 pearl dragon scales
 62531 | Pan      | Identified the +8 war axe "Hukuowig" {protect, Contam rF+++
                  | Int-5 Dex+3 Stlth+}
 62531 | Pan      | Identified the +5 leather armour of Qazlal's Reproof {Will+
                  | rCorr Dex+2}
 62531 | Pan      | Identified the ring "Xalutt" {rC+ rCorr Dex+3}
 62647 | Pan      | Reached skill level 25 in Shields
 62804 | Pan      | Reached skill level 25 in Fighting
 62964 | Pan      | Reached skill level 25 in Armour
 62988 | Pan      | Identified the ring of Pilevak {Fly rN+}
 63021 | Pan      | Noticed a seraph
 63028 | Pan      | Killed a seraph
 63053 | Pan      | Found a glowing golden altar of the Shining One.
 63075 | Pan      | Identified the +1 demon blade of Gylelev {pain, Contam rN+
                  | Dex+3}
 63490 | Pan      | Noticed Dotoocuo the pandemonium lord
 63505 | Pan      | Killed Dotoocuo the pandemonium lord
 63928 | Pan      | Found an exit through the horrors of the Abyss.
 64016 | Pan      | Reached skill level 24 in Invocations
 64075 | Pan      | Noticed Ruikiv the pandemonium lord
 64093 | Pan      | Killed Ruikiv the pandemonium lord
 64182 | Pan      | Identified the +1 pair of gloves of the Hungering Gods
                  | {rElec rF+ Will+}
 64256 | Pan      | Reached skill level 26 in Maces & Flails
 65209 | Pan      | Found an exit through the horrors of the Abyss.
 65270 | Pan      | Noticed Alataih the pandemonium lord
 65282 | Pan      | Killed Alataih the pandemonium lord
 65321 | Pan      | Identified a +2 robe of resistance
 66047 | Pan      | Found an exit through the horrors of the Abyss.
 66185 | Pan      | Noticed a dread lich
 66206 | Pan      | Killed a dread lich
 66354 | Pan      | Found an opulent altar of Gozag.
 66355 | Pan      | Found Zafomom's Jewellery Emporium.
 66417 | Pan      | Noticed Zafomom the pandemonium lord
 66444 | Pan      | Killed Zafomom the pandemonium lord
 66566 | Pan      | Found an opulent altar of Gozag.
 66602 | Pan      | Found Zafomom's Quality Elixirs.
 66613 | Pan      | Noticed a dread lich
 66773 | Pan      | Found Zafomom's Rarities Inventory.
 66797 | Pan      | Killed a dread lich
 66812 | Pan      | Found Zafomom's Fine Accessories.
 66822 | Pan      | Found an opulent altar of Gozag.
 66825 | Pan      | Bought a wand of digging (8) for 604 gold pieces
 66857 | Pan      | Bought a potion of invisibility for 88 gold pieces
 66857 | Pan      | Bought a potion of cancellation for 88 gold pieces
 66857 | Pan      | Bought a potion of heal wounds for 55 gold pieces
 66857 | Pan      | Bought 2 potions of heal wounds for 110 gold pieces
 66857 | Pan      | Bought a potion of heal wounds for 55 gold pieces
 66857 | Pan      | Bought a potion of resistance for 110 gold pieces
 66857 | Pan      | Bought a potion of haste for 110 gold pieces
 66857 | Pan      | Bought a potion of resistance for 110 gold pieces
 66857 | Pan      | Bought a potion of might for 44 gold pieces
 66857 | Pan      | Bought a potion of heal wounds for 55 gold pieces
 67078 | Pan      | Noticed Lipp the pandemonium lord
 67093 | Pan      | Killed Lipp the pandemonium lord
 67735 | Pan      | Reached skill level 26 in Shields
 67918 | Pan      | Reached skill level 26 in Fighting
 67950 | Pan      | Reached skill level 26 in Armour
 68207 | Pan      | Found an exit through the horrors of the Abyss.
 68312 | Pan      | Noticed Nyarph the pandemonium lord
 68319 | Pan      | Killed Nyarph the pandemonium lord
 68573 | Pan      | Noticed Qotoum the pandemonium lord
 68583 | Pan      | Killed Qotoum the pandemonium lord
 69055 | Pan      | Reached skill level 25 in Invocations
 69156 | Pan      | Entered the realm of Cerebov.
 69429 | Pan      | Identified the +5 hand axe of Ivvalikat {pain, rElec Will+
                  | Dex+2}
 69431 | Pan      | Found the +6 sword of Cerebov {flame}
 69431 | Pan      | Noticed Cerebov
 69451 | Pan      | Identified the +7 great mace of Execution {freeze, Dex+5}
 69830 | Pan      | Killed Cerebov
 69916 | Pan      | Identified the +8 mace of the Dwarven Hall {heavy, rC+ rN+}
 70011 | Pan      | Identified the +2 helmet "Rysuoh" {-Cast Rampage Will+++
                  | SInv}
 70033 | Pan      | Got a fiery rune of Zot
 70114 | Pan      | Entered the realm of Mnoleg.
 70498 | Pan      | Noticed Mnoleg
 70528 | Pan      | Paralysed by a floating eye for 4 turns
 70662 | Pan      | Paralysed by a floating eye for 4 turns
 70668 | Pan      | Paralysed by a floating eye for 2 turns
 70678 | Pan      | Paralysed by a floating eye for 3 turns
 70836 | Pan      | Reached skill level 27 in Maces & Flails
 70846 | Pan      | Killed Mnoleg
 70869 | Pan      | Paralysed by a floating eye for 3 turns
 70937 | Pan      | Identified the +3 scimitar of the Hated {pain, rN++}
 70963 | Pan      | Got a glowing rune of Zot
 71330 | Pan      | Paralysed by a floating eye for 4 turns
 71498 | Pan      | Entered the realm of Gloorx Vloq.
 71498 | Pan      | Noticed Gloorx Vloq
 71503 | Pan      | Noticed a curse skull
 71503 | Pan      | Noticed a curse skull
 71512 | Pan      | Killed Gloorx Vloq
 71514 | Pan      | Killed a curse skull
 71517 | Pan      | Killed a curse skull
 71582 | Pan      | Got a dark rune of Zot
 72408 | Pan      | Found an exit through the horrors of the Abyss.
 72422 | Pan      | Reached skill level 27 in Shields
 72579 | Pan      | Entered the realm of Lom Lobon.
 72579 | Pan      | Noticed Lom Lobon
 72590 | Pan      | Killed Lom Lobon
 72591 | Pan      | Reached skill level 27 in Fighting
 72592 | Pan      | Reached skill level 27 in Armour
 72600 | Pan      | Reached skill level 26 in Invocations
 72613 | Pan      | Got a magical rune of Zot
 72947 | Pan      | Identified the +2 leather armour of the Pink Corner {rElec
                  | rC- Will+++}
 73158 | Pan      | Reached skill level 9 in Dodging
 73700 | Pan      | Identified the +3 long sword of Resumed Hostilities {heavy,
                  | *Corrode rF++ Int+4}
 73816 | Pan      | Reached skill level 10 in Dodging
 73946 | Pan      | Found an exit through the horrors of the Abyss.
 74462 | Pan      | Reached skill level 11 in Dodging
 74550 | Pan      | Noticed Zyeskoq the pandemonium lord
 74568 | Pan      | Killed Zyeskoq the pandemonium lord
 74571 | Pan      | Reached skill level 27 in Invocations
 74735 | Pan      | Reached skill level 12 in Dodging
 75278 | Pan      | Reached skill level 13 in Dodging
 75338 | Pan      | Noticed Sodgh the pandemonium lord
 75364 | Pan      | Killed Sodgh the pandemonium lord
 75477 | Pan      | Reached skill level 14 in Dodging
 75945 | Pan      | Identified the +4 scale mail "Levopt" {rN+ Will+}
 76013 | Pan      | Identified the +1 trident "Racee" {pain, rN+ Will+ Dex+3
                  | Stlth+}
 76798 | Pan      | Reached skill level 15 in Dodging
 76944 | Pan      | Found an exit through the horrors of the Abyss.
 77443 | Pan      | Noticed Tearux the pandemonium lord
 77451 | Pan      | Killed Tearux the pandemonium lord
 77525 | Pan      | Took an exit into the Abyss.
 77525 | Abyss:4  | You pass through the gate.
 77525 | Abyss:4  | Escaped into the Abyss
 77652 | Depths:2 | You pass through the gate.
 77652 | Depths:2 | Escaped the Abyss
 77953 | Vaults:2 | You paid a toll of +3 fire dragon scales to enter a
                  | treasure trove
 77954 | Trove    | Entered a treasure trove
 77984 | Trove    | Identified the amulet of Ysomor {RegenMP Str+4}
 77987 | Trove    | Identified the amulet of Modwoal {Acrobat rCorr Str+3
                  | Dex+3}
 78071 | Vaults:2 | Gained mutation: You occasionally shout uncontrollably at
                  | your foes. [mutagenic glow]
 78224 | Hell     | Entered the Vestibule of Hell
 78224 | Hell     | Noticed Geryon
 78232 | Hell     | Noticed Murray
 78252 | Hell     | Killed Murray
 78255 | Hell     | Reached skill level 16 in Dodging
 78485 | Hell     | Killed Geryon
 78554 | Hell     | Found a gateway to the freezing wastes of Cocytus.
 78556 | Hell     | Paralysed by a wendigo for 1 turns
 78561 | Hell     | Paralysed by a wendigo for 1 turns
 78685 | Hell     | Found a gateway to the Iron City of Dis.
 78769 | Hell     | Found a gateway to the ashen valley of Gehenna.
 79058 | Hell     | Found a gateway to the decaying netherworld of Tartarus.
 79145 | Geh:1    | Entered Level 1 of Gehenna
 79247 | Geh:1    | Reached skill level 17 in Dodging
 80239 | Geh:4    | Reached skill level 18 in Dodging
 81319 | Geh:7    | Entered Level 7 of Gehenna
 81329 | Geh:7    | Reached skill level 19 in Dodging
 81985 | Geh:7    | Identified the ring "Siseof" {Fire MP+9}
 82298 | Geh:7    | Noticed the Serpent of Hell
 82316 | Geh:7    | Killed the Serpent of Hell
 82334 | Geh:7    | Reached skill level 20 in Dodging
 82707 | Geh:7    | Identified the +2 quarterstaff "Jerep" {spect, Str+3 Dex+5}
 82865 | Geh:7    | Found the +13 sceptre of Asmodeus
 82865 | Geh:7    | Noticed Asmodeus
 82882 | Geh:7    | Killed Asmodeus
 82923 | Geh:7    | Got an obsidian rune of Zot
 83256 | Orc:2    | Bought glowing ice dragon scales for 2142 gold pieces
 83987 | Tar:1    | Entered Level 1 of Tartarus
 84070 | Tar:1    | Reached skill level 21 in Dodging
 85527 | Tar:5    | Reached skill level 22 in Dodging
 86693 | Tar:7    | Entered Level 7 of Tartarus
 86763 | Tar:7    | Reached skill level 23 in Dodging
 88237 | Tar:7    | Noticed Ereshkigal
 88288 | Tar:7    | Killed Ereshkigal
 88293 | Tar:7    | Reached skill level 24 in Dodging
 88635 | Tar:7    | Found the +2 Maxwell's thermic engine {flame, freeze, rev}
 88963 | Tar:7    | Got a bone rune of Zot
 89416 | Coc:1    | Entered Level 1 of Cocytus
 89499 | Coc:1    | Reached skill level 1 in Evocations
 89515 | Coc:1    | Noticed a dread lich
 89520 | Coc:1    | Reached skill level 2 in Evocations
 89521 | Coc:1    | Killed a dread lich
 89536 | Coc:1    | Reached skill level 3 in Evocations
 89847 | Coc:2    | Paralysed by a wendigo for 1 turns
 89858 | Coc:2    | Reached skill level 4 in Evocations
 90318 | Coc:4    | Reached skill level 5 in Evocations
 90710 | Coc:5    | Paralysed by a wendigo for 1 turns
 90716 | Coc:5    | Reached skill level 6 in Evocations
 90864 | Coc:5    | Reached skill level 7 in Evocations
 90945 | Coc:5    | Reached skill level 25 in Dodging
 91343 | Coc:7    | Entered Level 7 of Cocytus
 91431 | Coc:7    | Reached skill level 8 in Evocations
 91737 | Coc:7    | Reached skill level 9 in Evocations
 92049 | Coc:7    | Identified the staff of death "Fioze" {rElec rN+ Will+}
 92064 | Coc:7    | Identified the +1 rapier "Ton Jero" {flame, rPois Int+3
                  | Stlth-}
 92209 | Coc:7    | Reached skill level 10 in Evocations
 92210 | Coc:7    | Identified the +10 dire flail of the Big Bang {flame,
                  | *Noise Fly rPois MP+9}
 92210 | Coc:7    | Identified the ring "Ralounio" {rF++ rC+ Will-}
 92210 | Coc:7    | Noticed Antaeus
 92417 | Coc:7    | Paralysed by a wendigo for 1 turns
 92585 | Coc:7    | Identified the ring "Usoideokh" {rC+ Slay+4}
 92589 | Coc:7    | Identified the staff of fire "Laut" {rF+ rC+ rN+}
 92856 | Coc:7    | Reached skill level 11 in Evocations
 93124 | Coc:7    | Killed Antaeus
 93561 | Coc:7    | Identified the staff of death "Xusch" {rC- rN+ Int+2
                  | Stlth+}
 93575 | Coc:7    | Got an icy rune of Zot
 93670 | Dis:1    | Entered Level 1 of the Iron City of Dis
 93675 | Dis:1    | Reached skill level 26 in Dodging
 93695 | Dis:1    | Noticed a caustic shrike
 93696 | Dis:1    | Noticed a caustic shrike
 93697 | Dis:1    | Noticed a caustic shrike
 93697 | Dis:1    | Noticed a caustic shrike
 93698 | Dis:1    | Noticed a caustic shrike
 93732 | Dis:1    | Noticed a caustic shrike
 93732 | Dis:1    | Noticed a caustic shrike
 93733 | Dis:1    | Noticed a caustic shrike
 93733 | Dis:1    | Noticed a caustic shrike
 93735 | Dis:1    | Noticed a caustic shrike
 93735 | Dis:1    | Noticed a caustic shrike
 93738 | Dis:1    | You are sucked into a shaft and drop 1 floor!
 93885 | Dis:2    | Reached skill level 12 in Evocations
 94825 | Dis:5    | Reached skill level 13 in Evocations
 95547 | Dis:7    | Entered Level 7 of the Iron City of Dis
 95827 | Dis:7    | Noticed a caustic shrike
 95831 | Dis:7    | Noticed a caustic shrike
 95837 | Dis:7    | Killed a caustic shrike
 95841 | Dis:7    | Noticed a caustic shrike
 95843 | Dis:7    | Noticed a caustic shrike
 95843 | Dis:7    | Noticed a caustic shrike
 95844 | Dis:7    | Killed a caustic shrike
 95846 | Dis:7    | Noticed a caustic shrike
 95846 | Dis:7    | Noticed a caustic shrike
 95847 | Dis:7    | Noticed a caustic shrike
 95847 | Dis:7    | Noticed a caustic shrike
 95847 | Dis:7    | Noticed a caustic shrike
 95848 | Dis:7    | Killed a caustic shrike
 95853 | Dis:7    | Killed a caustic shrike
 95854 | Dis:7    | Killed a caustic shrike
 95855 | Dis:7    | Reached skill level 14 in Evocations
 95857 | Dis:7    | Killed a caustic shrike
 95859 | Dis:7    | Killed a caustic shrike
 95863 | Dis:7    | Killed a caustic shrike
 95865 | Dis:7    | Killed a caustic shrike
 95873 | Dis:7    | Killed a caustic shrike
 96211 | Dis:7    | Zin protects you from harm!
 96384 | Dis:7    | Reached skill level 27 in Dodging
 96416 | Dis:7    | Noticed a caustic shrike
 96430 | Dis:7    | Killed a caustic shrike
 96436 | Dis:7    | Reached skill level 15 in Evocations
 96561 | Dis:7    | Noticed a caustic shrike
 96570 | Dis:7    | Killed a caustic shrike
 96712 | Dis:7    | Noticed a caustic shrike
 96715 | Dis:7    | Noticed a caustic shrike
 96715 | Dis:7    | Noticed a caustic shrike
 96716 | Dis:7    | Noticed a caustic shrike
 96716 | Dis:7    | Noticed a caustic shrike
 96725 | Dis:7    | Killed a caustic shrike
 96727 | Dis:7    | Killed a caustic shrike
 96730 | Dis:7    | Killed a caustic shrike
 96737 | Dis:7    | Killed a caustic shrike
 96742 | Dis:7    | Killed a caustic shrike
 96884 | Dis:7    | Reached skill level 16 in Evocations
 96900 | Dis:7    | Noticed a caustic shrike
 96912 | Dis:7    | Killed a caustic shrike
 96973 | Dis:7    | Noticed a caustic shrike
 96982 | Dis:7    | Killed a caustic shrike
 97079 | Dis:7    | Noticed a caustic shrike
 97087 | Dis:7    | Killed a caustic shrike
 97193 | Dis:7    | Reached skill level 17 in Evocations
 97233 | Dis:7    | Noticed a caustic shrike
 97237 | Dis:7    | Killed a caustic shrike
 97342 | Dis:7    | Noticed Dispater
 97526 | Dis:7    | Identified the ring of Light {rF+ rCorr MP+9 Int+3}
 97539 | Dis:7    | Identified the +1 halberd of the Warrior {antimagic,
                  | Stlth+}
 97562 | Dis:7    | Identified the +0 helmet of the Arcane {*Slow rPois Regen+
                  | Dex+3}
 97597 | Dis:7    | Noticed a caustic shrike
 97603 | Dis:7    | Killed a caustic shrike
 97605 | Dis:7    | Noticed a caustic shrike
 97621 | Dis:7    | Killed a caustic shrike
 97863 | Dis:7    | Noticed a caustic shrike
 97866 | Dis:7    | Killed a caustic shrike
 97867 | Dis:7    | Reached skill level 18 in Evocations
 97961 | Dis:7    | Killed Dispater
 98217 | Dis:7    | Identified the ring "Nimpirud" {Contam rElec rF+ rC+ EV+5}
 98219 | Dis:7    | Got an iron rune of Zot
 98222 | Dis:7    | Identified the +8 chain mail "Woyskeic" {Will- rCorr Str+2}
 98225 | Dis:7    | Identified the +5 dagger "Gekh" {flame, Int+2}
 98770 | Temple   | Fell from the grace of Zin
 98770 | Temple   | Became a worshipper of the Shining One
 98770 | Temple   | Reached * piety under the Shining One
 98770 | Temple   | Reached ** piety under the Shining One
 98770 | Temple   | Reached *** piety under the Shining One
 99120 | Pan      | Entered Pandemonium
 99120 | Pan      | Reached **** piety under the Shining One
 99185 | Pan      | Noticed Obuezayl the pandemonium lord
 99206 | Pan      | Killed Obuezayl the pandemonium lord
 99256 | Pan      | Reached ***** piety under the Shining One
 99282 | Pan      | Reached skill level 19 in Evocations
 99757 | Pan      | Found an exit through the horrors of the Abyss.
 99812 | Pan      | Identified the +1 chain mail of Freedom {rF+ rC- Str+4}
 99926 | Pan      | Took an exit into the Abyss.
 99926 | Abyss:4  | You pass through the gate.
 99926 | Abyss:4  | Escaped into the Abyss
 99964 | Abyss:4  | Paralysed by accursed screaming for 2 turns
 99970 | Abyss:4  | Paralysed by accursed screaming for 1 turns
100025 | Abyss:4  | Found a corrupted altar of Lugonu.
100088 | Abyss:4  | Reached ****** piety under the Shining One
100114 | Depths:2 | You pass through the gate.
100114 | Depths:2 | Escaped the Abyss
100598 | Tomb:1   | Entered Level 1 of the Tomb of the Ancients
100833 | Tomb:1   | Reached skill level 20 in Evocations
101046 | Tomb:1   | Noticed a royal mummy
101057 | Tomb:1   | Killed a royal mummy
101058 | Tomb:1   | Identified a +6 sacred scourge of holy wrath (a +4 sacred
                  | scourge of holy wrath blessed by the Shining One)
101058 | Tomb:1   | Received a gift from the Shining One
101150 | Tomb:1   | Noticed a royal mummy
101155 | Tomb:1   | Killed a royal mummy
101446 | Tomb:2   | Noticed a royal mummy
101448 | Tomb:2   | Noticed a royal mummy
101465 | Tomb:2   | Noticed a royal mummy
101469 | Tomb:2   | Killed a royal mummy
101470 | Tomb:2   | Noticed a royal mummy
101479 | Tomb:2   | Killed a royal mummy
101479 | Tomb:2   | Killed a royal mummy
101480 | Tomb:2   | Reached skill level 21 in Evocations
101516 | Tomb:2   | Killed a royal mummy
101720 | Tomb:2   | Acquired 1002 gold pieces
102002 | Tomb:1   | Noticed a royal mummy
102010 | Tomb:1   | Killed a royal mummy
102023 | Tomb:1   | Noticed a royal mummy
102030 | Tomb:1   | Killed a royal mummy
102033 | Tomb:1   | Noticed a royal mummy
102042 | Tomb:1   | Killed a royal mummy
102043 | Tomb:1   | Noticed a royal mummy
102049 | Tomb:1   | Killed a royal mummy
102104 | Tomb:1   | Noticed a royal mummy
102104 | Tomb:1   | Noticed a royal mummy
102111 | Tomb:1   | Killed a royal mummy
102112 | Tomb:1   | Reached skill level 22 in Evocations
102114 | Tomb:1   | Killed a royal mummy
102146 | Tomb:1   | Noticed a royal mummy
102160 | Tomb:1   | Killed a royal mummy
102216 | Tomb:1   | Noticed a royal mummy
102220 | Tomb:1   | Noticed a royal mummy
102228 | Tomb:1   | Noticed a royal mummy
102230 | Tomb:1   | Killed a royal mummy
102232 | Tomb:1   | Noticed a royal mummy
102236 | Tomb:1   | Noticed a royal mummy
102244 | Tomb:1   | Killed a royal mummy
102249 | Tomb:1   | Killed a royal mummy
102250 | Tomb:1   | Noticed a royal mummy
102571 | Tomb:1   | Killed a royal mummy
102575 | Tomb:1   | Killed a royal mummy
102635 | Tomb:1   | Killed a royal mummy
104299 | Tomb:3   | Entered Level 3 of the Tomb of the Ancients
104327 | Tomb:3   | Reached skill level 23 in Evocations
104350 | Tomb:3   | Noticed a royal mummy
104357 | Tomb:3   | Noticed a royal mummy
104364 | Tomb:3   | Noticed a royal mummy
104364 | Tomb:3   | Noticed a royal mummy
104365 | Tomb:3   | Noticed a royal mummy
104367 | Tomb:3   | Noticed a royal mummy
104376 | Tomb:3   | Killed a royal mummy
104382 | Tomb:3   | Noticed a royal mummy
104382 | Tomb:3   | Noticed a royal mummy
104403 | Tomb:3   | Killed a royal mummy
104412 | Tomb:3   | HP: 17/199 [??? (3)]
104414 | Tomb:3   | HP: 8/199 [mummy priest/divine providence (12)]
104414 | Tomb:3   | The Shining One protects you from harm!
104427 | Tomb:3   | Killed a royal mummy
104428 | Tomb:3   | Noticed a royal mummy
104431 | Tomb:3   | Killed a royal mummy
104432 | Tomb:3   | Killed a royal mummy
104435 | Tomb:3   | Gained mutation: Your flesh is heat resistant. (rF+)
                  | [hidden potential]
104440 | Tomb:3   | Killed a royal mummy
104440 | Tomb:3   | Killed a royal mummy
104448 | Tomb:3   | Killed a royal mummy
104454 | Tomb:3   | Killed a royal mummy
104455 | Tomb:3   | Reached skill level 24 in Evocations
104795 | Tomb:3   | Got a golden rune of Zot
104877 | Tomb:3   | Identified the +1 demon whip of Trauma {flame, Dex+2}
104911 | Tomb:3   | Identified the staff of poison "Evasim Itawi" {rPois rF-
                  | Str+6 Int+8 Dex-5}
104913 | Tomb:3   | Identified the staff of air "Iskitagg" {rElec Int+5}
104915 | Tomb:3   | Identified the ring "Luco" {Ice Int+2}
104916 | Tomb:3   | Identified the ring "Evvebuez" {MP+9 Str-5 Int+4 Slay+4}
104919 | Tomb:3   | Got the Papyrus of the Frosty Wayfarer
104923 | Tomb:3   | Identified the +9 halberd of a Million Beasts {holy, Dex+3}
104928 | Tomb:3   | Identified the staff of death "Bymalaf" {rPois rC+ rN+
                  | Str+3 Stlth+}
104934 | Tomb:3   | Identified the +10 great sword of Tociog {freeze, rC+}
104940 | Tomb:3   | Identified the +3 mace "Oshana Nesm" {flame, rF+ rN+ Will+
                  | Int+2}
105656 | Zot:1    | Entered Level 1 of the Realm of Zot
105995 | Zot:1    | Noticed an orb of fire
106013 | Zot:1    | Killed an orb of fire
106580 | Zot:1    | Reached skill level 25 in Evocations
108022 | Zot:2    | Noticed an orb of fire
108028 | Zot:2    | Reached skill level 26 in Evocations
108032 | Zot:2    | Killed an orb of fire
108421 | Zot:3    | Found the +4 dragonskin cloak
108421 | Zot:3    | Noticed Tiamat
108724 | Zot:3    | Noticed an orb of fire
108734 | Zot:3    | Gained mutation: Your magical capacity is low. (-10% MP)
                  | [an orb of fire]
108738 | Zot:3    | Killed Tiamat
108742 | Zot:3    | Killed an orb of fire
108753 | Zot:3    | Gained mutation: Your muscles are strong. (Str +4, Int/Dex
                  | -1) [hidden potential]
108753 | Zot:3    | Lost mutation: You have hidden genetic potential. [hidden
                  | potential expressed]
109034 | Zot:3    | Noticed an orb of fire
109044 | Zot:3    | Gained mutation: You are occasionally teleported next to
                  | monsters. [an orb of fire]
109057 | Zot:3    | Killed an orb of fire
109256 | Zot:3    | Reached skill level 27 in Evocations
109260 | Zot:3    | Reached skill level 1 in Earth Magic
109262 | Zot:3    | Reached skill level 2 in Earth Magic
109263 | Zot:3    | Reached skill level 3 in Earth Magic
109264 | Zot:3    | Found a shimmering altar of Xom.
109264 | Zot:3    | Found a shimmering altar of Xom.
109264 | Zot:3    | Found a shimmering altar of Xom.
109264 | Zot:3    | Found a shimmering altar of Xom.
109272 | Zot:3    | Reached skill level 4 in Earth Magic
109276 | Zot:3    | Reached skill level 5 in Earth Magic
109282 | Zot:3    | Paralysed by a floating eye for 4 turns
109291 | Zot:3    | Reached skill level 6 in Earth Magic
109430 | Zot:3    | Reached skill level 7 in Earth Magic
109439 | Zot:3    | Found a glowing silver altar of Zin.
109465 | Zot:3    | Reached skill level 8 in Earth Magic
109513 | Zot:3    | Reached skill level 9 in Earth Magic
109550 | Zot:3    | Reached skill level 10 in Earth Magic
110075 | Zot:3    | Noticed an electric golem
110079 | Zot:3    | Killed an electric golem
110080 | Zot:3    | Reached skill level 11 in Earth Magic
110143 | Zot:3    | Reached skill level 12 in Earth Magic
110302 | Zot:4    | Noticed an electric golem
110311 | Zot:4    | Killed an electric golem
110317 | Zot:4    | Reached skill level 13 in Earth Magic
110392 | Zot:3    | Reached skill level 14 in Earth Magic
110454 | Zot:4    | Reached skill level 15 in Earth Magic
110668 | Zot:4    | Reached skill level 16 in Earth Magic
111212 | Zot:5    | Entered Level 5 of the Realm of Zot
111230 | Zot:5    | Noticed a curse toe
111239 | Zot:5    | Killed a curse toe
111255 | Zot:5    | Reached skill level 17 in Earth Magic
111473 | Zot:5    | Noticed an orb of fire
111473 | Zot:5    | Noticed an orb of fire
111475 | Zot:5    | Reached skill level 18 in Earth Magic
111570 | Zot:5    | Noticed an orb of fire
111570 | Zot:5    | Noticed an orb of fire
111577 | Zot:5    | Lost mutation: You are agile. (Dex +4, Str/Int -1) [an orb
                  | of fire]
111580 | Zot:5    | Killed an orb of fire
111583 | Zot:5    | Killed an orb of fire
111584 | Zot:5    | Reached skill level 19 in Earth Magic
111739 | Zot:5    | Noticed an electric golem
111739 | Zot:5    | Noticed a dread lich
111743 | Zot:5    | Noticed an orb of fire
111748 | Zot:5    | Killed a dread lich
111750 | Zot:5    | Noticed an electric golem
111750 | Zot:5    | Noticed a curse toe
111751 | Zot:5    | Noticed an ancient lich
111752 | Zot:5    | Noticed an orb of fire
111752 | Zot:5    | Noticed an orb of fire
111753 | Zot:5    | Gained mutation: Armour fits poorly on your strangely
                  | shaped body. [an orb of fire]
111754 | Zot:5    | Noticed an orb of fire
111755 | Zot:5    | Noticed an orb of fire
111756 | Zot:5    | Killed an electric golem
111757 | Zot:5    | Killed an orb of fire
111758 | Zot:5    | Reached skill level 20 in Earth Magic
111759 | Zot:5    | Killed an ancient lich
111759 | Zot:5    | Noticed an orb of fire
111760 | Zot:5    | Gained mutation: You are frail. (-10% HP) [an orb of fire]
111765 | Zot:5    | Gained mutation: You are vulnerable to cold. (rC-) [an orb
                  | of fire]
111766 | Zot:5    | Noticed an orb of fire
111767 | Zot:5    | Gained mutation: You are dopey. (Int -2) [an orb of fire]
111768 | Zot:5    | Gained mutation: Your spells are a little easier to cast,
                  | but a little less powerful. [an orb of fire]
111769 | Zot:5    | Noticed a dread lich
111831 | Zot:5    | Killed an orb of fire
111874 | Zot:5    | Killed a curse toe
111880 | Zot:5    | Killed an electric golem
111881 | Zot:5    | Reached skill level 21 in Earth Magic
111882 | Zot:5    | Killed an orb of fire
111883 | Zot:5    | Killed an orb of fire
111892 | Zot:5    | Killed an orb of fire
111893 | Zot:5    | Gained mutation: You are clumsy. (Dex -2) [an orb of fire]
111894 | Zot:5    | Killed a dread lich
111894 | Zot:5    | Gained mutation: You occasionally lose the ability to drink
                  | potions when taking damage. [an orb of fire]
111895 | Zot:5    | Gained mutation: You sometimes lose the ability to drink
                  | potions when taking damage. [an orb of fire]
111926 | Zot:5    | Gained mutation: You are very dopey. (Int -4) [an orb of
                  | fire]
111938 | Zot:5    | HP: 15/179 [Killer Klown/klown pie (11)]
111941 | Zot:5    | HP: 4/179 [constriction (9)]
111950 | Zot:5    | Reached skill level 22 in Earth Magic
112070 | Zot:5    | Lost mutation: You are frail. (-10% HP) [potion of
                  | mutation]
112070 | Zot:5    | Lost mutation: You are very dopey. (Int -4) [potion of
                  | mutation]
112071 | Zot:5    | Lost mutation: You occasionally shout uncontrollably at
                  | your foes. [potion of mutation]
112071 | Zot:5    | Lost mutation: Your flesh is heat resistant. (rF+) [potion
                  | of mutation]
112071 | Zot:5    | Gained mutation: You possess an exceptional clarity of
                  | mind. [potion of mutation]
112072 | Zot:5    | Lost mutation: You are vulnerable to cold. (rC-) [potion of
                  | mutation]
112072 | Zot:5    | Lost mutation: Your magical capacity is low. (-10% MP)
                  | [potion of mutation]
112072 | Zot:5    | Lost mutation: Your muscles are strong. (Str +4, Int/Dex
                  | -1) [potion of mutation]
112073 | Zot:5    | Lost mutation: You are occasionally teleported next to
                  | monsters. [potion of mutation]
112073 | Zot:5    | Lost mutation: You are clumsy. (Dex -2) [potion of
                  | mutation]
112074 | Zot:5    | Lost mutation: You sometimes lose the ability to drink
                  | potions when taking damage. [potion of mutation]
112074 | Zot:5    | Lost mutation: Your spells are a little easier to cast, but
                  | a little less powerful. [potion of mutation]
112075 | Zot:5    | Lost mutation: You occasionally lose the ability to drink
                  | potions when taking damage. [potion of mutation]
112075 | Zot:5    | Lost mutation: A frigid envelope surrounds you and freezes
                  | all who hurt you. [potion of mutation]
112075 | Zot:5    | Gained mutation: You are somewhat resistant to further
                  | mutation. [potion of mutation]
112076 | Zot:5    | Lost mutation: Armour fits poorly on your strangely shaped
                  | body. [potion of mutation]
112076 | Zot:5    | Lost mutation: You possess an exceptional clarity of mind.
                  | [potion of mutation]
112139 | Zot:5    | Killed an orb of fire
112148 | Zot:5    | Killed an orb of fire
112257 | Zot:5    | Killed an orb of fire
112262 | Zot:5    | Killed an orb of fire
112270 | Zot:5    | Reached skill level 23 in Earth Magic
112644 | Zot:5    | Got the Orb of Zot
113200 | D:7      | Noticed Lucit the pandemonium lord
113207 | D:6      | Killed Lucit the pandemonium lord
113331 | D:$      | Escaped with the Orb!

Vanquished Creatures
  Antaeus (Coc:7)
  Asmodeus (Geh:7)
  the Royal Jelly (Slime:5)
  Ereshkigal (Tar:7)
  Gloorx Vloq (Pan)
  A seraph (Pan)
  Lom Lobon (Pan)
  the Serpent of Hell (Geh:7)
  Mnoleg (Pan)
  Dispater (Dis:7)
  5 dread liches
  3 ancient liches
  Tiamat (Zot:3)
  15 orbs of fire
  26 royal mummies
  Sojobo (Vaults:2)
  8 Killer Klowns
  Frederick (Vaults:2)
  16 pandemonium lords
  Vv (Depths:3)
  Bai Suzhen (Snake:3)
  A shard shrike (Zot:3)
  Margery (Vaults:2)
  Parghit (Depths:4)
  2 curse toes (Zot:5)
  27 caustic shrikes
  Geryon (Hell)
  Nikola (Snake:1)
  14 golden dragons
  2 pearl dragons (Pan)
  A mutant beast (WizLab)
  12 profane servitors
  18 bone dragons
  6 doom hounds
  22 Tzitzimimeh
  16 iron giants
  18 Brimstone Fiends
  12 hellephants
  20 Hell Sentinels
  Jorgrun (Snake:1)
  27 Ice Fiends
  14 tentacled monstrosities
  A spectral shard shrike (Tar:4)
  4 electric golems
  A walking earthen tome (Depths:3)
  4 walking crystal tomes
  13 liches
  29 titans
  14 quicksilver dragons
  27 Orb Guardians
  20 tainted leviathans
  Asterion (Snake:1)
  A walking divine tome (Depths:3)
  A walking frostbound tome (Depths:2)
  11 deep elf blademasters
  A kraken (Shoals:2)
  11 deep elf master archers
  27 Executioners
  Murray (Hell)
  20 searing wretches
  6 tentacled starspawn
  20 acid blobs
  15 death cobs
  16 sphinxes
  13 tengu reavers
  Gastronok (Lair:1)
  32 ancient champions
  The ghost of Cioh the Brawler, an adept TrMo of Nemelex Xobeh (Depths:3)
  Frances (D:12)
  10 draconian monks
  19 storm dragons
  7 shadow dragons
  6 nagarajas
  6 revenants
  6 draconian knights
  11 demonspawn warmongers (Pan)
  31 fire giants
  17 rockslimes
  26 azure jellies
  20 daevas (Pan)
  9 deep elf sorcerers
  20 frost giants
  39 narguns
  13 draconian scorchers
  15 quicksilver elementals
  34 cacodemons
  3 spectral juggernauts
  19 vault wardens
  3 ghouls
  12 iron dragons
  Louise (Shoals:1)
  41 balrugs
  32 angels
  9 shard shrike simulacra
  4 ghost moths
  4 curse skulls
  26 reapers
  3 spectral caustic shrikes
  7 deep elf elementalists
  18 ironbound preservers
  Aizul (Snake:1)
  7 draconian shifters
  3 juggernaut skeletons
  11 draconian stormcallers
  A spriggan defender (Depths:3)
  22 stone giants
  2 orc warlords
  A caustic shrike skeleton (Abyss:3)
  20 demonspawn corrupters
  11 quicksilver oozes
  13 demonspawn blood saints (Pan)
  39 war gargoyles
  14 ironbound thunderhulks
  6 draconian annihilators
  41 very ugly things
  18 ophanim (Pan)
  16 green draconians
  33 apis (Pan)
  10 vampire knights
  5 bennus
  8 deep elf demonologists
  12 demonspawn black suns
  18 elemental wellsprings
  21 putrid mouths
  11 black draconians
  A bunyip (shapeshifter) (Vaults:5)
  16 deep elf annihilators
  2 spectral titans
  10 purple draconians
  2 minotaurs
  16 spark wasps
  17 dire elephants
  16 yellow draconians
  19 wendigos
  2 spark wasps (shapeshifter)
  18 lorocyprocas
  19 white draconians
  23 red draconians
  11 eidola
  6 merfolk javelineers
  2 crystal guardians (Abyss:4)
  8 ettins
  A spectral iron giant (Tar:6)
  12 deep elf death magi
  23 blizzard demons
  4 merfolk impalers
  Josephine (D:11)
  25 mummy priests
  18 yaktaur captains
  2 entropy weavers (Vaults:4)
  3 spectral quicksilver dragons
  7 deep elf high priests
  28 green deaths
  A spectral spriggan (Tar:2)
  8 fire dragons
  2 great orbs of eyes (shapeshifter) (Abyss:4)
  47 vault guards
  Fannar (Lair:3)
  8 great orbs of eyes
  9 jiangshi
  15 rakshasas
  7 juggernaut simulacra
  2 peacekeepers (Vaults:2)
  11 hell beasts
  21 salamander tyrants
  An anaconda (shapeshifter) (Depths:2)
  6 spriggan air magi
  7 caustic shrike simulacra
  16 ice dragons
  An ogre mage (Vaults:3)
  2 hydras
  4 merfolk aquamancers
  7 anacondas
  A spriggan skeleton (Pan)
  7 death knights
  4 merfolk avatars
  31 dancing weapons
  12 ironbound frosthearts
  13 deep troll shamans
  An alligator snapping turtle (Shoals:4)
  A radroach (shapeshifter) (WizLab)
  4 two-headed ogres
  6 stokers
  An alligator (shapeshifter) (WizLab)
  29 hell hogs
  13 boulder beetles
  8 vampire magi
  A spectral stone giant (Tar:1)
  8 deep troll earth magi
  38 death scarabs
  21 centaur warriors
  4 naga warriors
  A satyr (Shoals:2)
  6 tengu warriors
  An Orb Guardian skeleton (Crypt:1)
  A titan zombie (Crypt:1)
  6 holy swine (Pan)
  7 death yaks
  13 thrashing horrors
  17 naga sharpshooters
  12 hell knights
  5 spriggan berserkers
  5 shock serpents
  A shock serpent (shapeshifter) (WizLab)
  80 sun demons
  68 soul eaters
  3 wretched stars
  21 deep elf knights
  9 crystal echidnas
  2 fire crabs (shapeshifter)
  5 orc high priests
  A spectral dire elephant (Tar:5)
  36 sixfirhies
  2 titan skeletons
  4 skysharks
  A fire crab (Lair:4)
  35 skeletal warriors
  A spatial maelstrom (Abyss:4)
  43 shadow wraiths
  9 iron trolls
  3 spectral anacondas
  A spectral bunyip (Tar:1)
  15 cherubim (Pan)
  A sea snake (shapeshifter) (Depths:2)
  A swamp dragon (shapeshifter) (Vaults:3)
  5 salamander mystics
  58 deep trolls
  4 naga ritualists
  A fenstrider witch simulacrum (Coc:1)
  3 spriggan simulacra
  9 quicksilver dragon simulacra
  16 sea snakes
  A spectral hydra (Tar:4)
  3 bog bodies
  19 shadow demons
  17 deep elf archers
  4 glowing orange brains
  12 ironbound convokers
  8 flayed ghosts
  5 lindwurms
  14 wizards
  An anaconda skeleton (Pan)
  A steelbarb worm (shapeshifter) (WizLab)
  8 orc knights
  6 kraken simulacra (Coc:2)
  2 orange crystal statues
  4 necromancers
  22 harpies
  24 deep elf zephyrmancers
  A broodmother zombie (Crypt:1)
  21 phantasmal warriors
  9 mana vipers
  A mana viper (shapeshifter) (Abyss:4)
  A lindwurm (shapeshifter) (WizLab)
  3 orc sorcerers
  24 deep elf pyromancers
  A shadow dragon skeleton (Pan)
  4 spectral ettins
  3 oklob plants (D:11)
  43 ugly things
  8 shining eyes
  A manticore (shapeshifter) (WizLab)
  2 cyclopes (shapeshifter)
  3 spectral centaurs
  7 cyclopes
  16 fauns
  2 worldbinders
  2 moths of wrath (shapeshifter) (WizLab)
  13 manticores
  13 merfolk sirens
  A will-o-the-wisp (Abyss:4)
  15 salamanders
  A salamander (shapeshifter) (WizLab)
  A stone giant skeleton (Pan)
  18 moths of wrath
  An apocalypse crab (Abyss:3)
  13 vault sentinels
  7 guardian serpents
  5 elephants (Zot:4)
  9 titan simulacra
  28 demonic crawlers (Pan)
  2 water nymphs (Shoals:2)
  31 black mambas
  6 eyes of devastation
  A frost giant skeleton (Crypt:1)
  12 molten gargoyles
  2 eyes of devastation (shapeshifter)
  2 alligator snapping turtle zombies
  75 smoke demons
  5 rust devils
  4 guardian serpents (shapeshifter)
  3 centaur skeletons (Pan)
  4 ice statues (Coc:7)
  10 naga magi
  An unseen horror (shapeshifter) (WizLab)
  A grey draconian zombie (Crypt:3)
  An orc skeleton (Tomb:1)
  2 cane toads (shapeshifter)
  A sea snake zombie (Crypt:3)
  56 hellions
  33 orange demons
  3 gargoyles
  2 torpor snails
  5 naga skeletons
  5 cane toads
  10 komodo dragons
  13 unseen horrors
  9 kobold demonologists
  8 rime drakes
  19 freezing wraiths
  12 yaktaurs
  50 tormentors
  6 anaconda simulacra
  11 efreet
  A white draconian skeleton (Crypt:2)
  45 guardian mummies
  A minotaur skeleton (Crypt:3)
  4 tengu conjurers
  A mana viper zombie (Crypt:2)
  3 spectral nagas
  2 iron giant simulacra (Coc:5)
  A red draconian skeleton (Crypt:1)
  A spectral harpy (Tar:1)
  24 merfolk
  7 ancient zymes
  A golden dragon simulacrum (Coc:7)
  4 ice devils (Pan)
  A meliai (shapeshifter) (WizLab)
  3 hydra zombies (Coc:1)
  A harpy zombie (Crypt:1)
  8 wind drakes
  A wolf spider simulacrum (D:14)
  15 polar bears
  5 trolls
  15 red devils
  69 large abominations
  2 silent spectres (Tar:5)
  A tengu simulacrum (Coc:1)
  16 blink frogs
  2 hornets
  Grinder (D:3)
  12 snapping turtles
  25 hellwings
  A hydra skeleton (Pan)
  2 iron dragon simulacra
  2 harpy skeletons (Pan)
  An ettin zombie (Crypt:1)
  11 raiju
  132 slime creatures
  5 stone giant simulacra
  A jumping spider (shapeshifter) (Vaults:5)
  2 spriggans (shapeshifter) (WizLab)
  A vampire (D:9)
  A satyr skeleton (Crypt:3)
  2 spriggans
  26 shadows
  An air elemental (Elf:3)
  28 flying skulls
  55 ynoxinuls
  25 water elementals
  3 centaur simulacra
  An ettin skeleton (Pan)
  37 yaks
  3 wyverns
  17 starcursed masses
  27 ushabtiu
  2 fire elementals
  A yak (shapeshifter) (Vaults:5)
  6 dire elephant simulacra
  8 fire bats
  A fire bat (shapeshifter) (WizLab)
  19 wraiths
  An alligator snapping turtle simulacrum (Coc:1)
  8 humans (Zot:4)
  9 basilisks
  44 chaos spawn
  2 golden eyes (shapeshifter)
  Menkaure (D:4)
  35 iron golems
  2 redbacks (Vaults:4)
  A steam dragon (D:8)
  2 basilisks (shapeshifter)
  68 neqoxecs
  6 golden eyes
  A spatial vortex (Abyss:4)
  5 vampire mosquitoes
  A glowing shapeshifter zombie (Crypt:1)
  21 harpy simulacra
  25 nagas
  4 wargs
  A naga (shapeshifter) (WizLab)
  6 hydra simulacra
  26 small abominations
  2 acid dragons
  8 water moccasins
  14 floating eyes
  Duvessa (D:4)
  2 hell hounds (Gauntlet)
  6 ice beasts
  37 orc warriors
  3 black bears
  5 boggarts
  3 ettin simulacra
  A fire dragon simulacrum (Hell)
  A snapping turtle zombie (Crypt:1)
  A dream sheep skeleton (Crypt:1)
  4 centaurs
  A swamp dragon skeleton (Crypt:1)
  5 wolves
  8 ogres
  3 kobold brigands
  A hog skeleton (Crypt:2)
  6 bullfrogs
  A gnoll sergeant (D:6)
  A cyclops zombie (Crypt:2)
  2 earth elementals (Elf:1)
  2 scorpions
  3 naga simulacra
  9 wights
  A salamander skeleton (Crypt:3)
  Dowan (D:4)
  A warg skeleton (Crypt:3)
  A queen bee zombie (Crypt:3)
  A vampire bat (Lair:2)
  A polar bear skeleton (Crypt:1)
  5 howler monkeys
  A wolf zombie (Crypt:2)
  2 electric eels
  4 crimson imps (Pan)
  2 quasits (D:5)
  2 hounds
  Crazy Yiuf (D:3)
  A jelly (D:5)
  A gnoll bouda (D:8)
  21 orc priests
  2 sleepcaps
  An iguana (D:7)
  A black bear skeleton (Crypt:2)
  30 orc wizards
  A deep dwarf skeleton (Crypt:3)
  42 mummies
  Robin (D:2)
  6 gnolls
  6 adders
  A shadow imp (Pan)
  7 white imps
  2 ufetubi
  2 dart slugs
  2 worms
  92 orcs
  4 ball pythons
  12 bats
  13 endoplasms
  5 giant cockroaches
  10 goblins
  10 hobgoblins
  3 jackals
  4 quokkas
  5 frilled lizards
  A goblin skeleton (Crypt:1)
  12 kobolds
  6 rats
  2 creeping infernos
  39 fire vortices
  2 lurking horrors (Abyss:4)
  5 starspawn tentacles (Abyss:3)
  9 tentacles
4924 creatures vanquished.

Vanquished Creatures (collateral kills)
  2 royal mummies (Tomb:2)
  A shard shrike zombie (Tomb:2)
  A lich (Tomb:1)
  A death cob (Zot:3)
  A draconian shifter (Zot:3)
  2 white draconians (Zot:3)
  A bennu (Tomb:3)
  2 yellow draconians (Zot:3)
  A purple draconian (Zot:3)
  2 mummy priests
  5 death scarabs
  A moth of wrath (Zot:3)
  5 guardian mummies
  2 flying skulls
  2 ushabtiu (Tomb:3)
  3 mummies
32 creatures vanquished.

Vanquished Creatures (others)
  Cerebov (Pan)
  A dread lich (Vaults:5)
  A caustic shrike (Dis:7)
  2 eldritch tentacles (Pan)
  A fire giant (Depths:2)
  An azure jelly (Coc:5)
  3 shard shrike simulacra (Coc:5)
  A demonspawn blood saint (Pan)
  2 wendigos
  2 deep elf annihilators (Elf:3)
  A blizzard demon (Pan)
  A vault guard (Vaults:2)
  A merfolk aquamancer (Shoals:4)
  A naga warrior (Snake:1)
  2 deep elf knights
  A sun demon (Hell)
  A shadow wraith (Tar:7)
  A wretched star (Abyss:2)
  A flayed ghost (Depths:2)
  A quicksilver dragon simulacrum (Coc:5)
  2 naga ritualists (Snake:1)
  A phantasmal warrior (Vaults:5)
  2 spriggan simulacra (Coc:5)
  A mana viper (shapeshifter) (Vaults:5)
  A deep elf zephyrmancer (Depths:2)
  2 deep elf pyromancers
  A titan simulacrum (Coc:7)
  A molten gargoyle (Geh:7)
  A naga mage (Snake:1)
  2 orange demons (Pan)
  4 black mambas (Snake:1)
  A hellion (Geh:7)
  2 tormentors
  2 golden dragon simulacra
  A polar bear (IceCv)
  A dire elephant simulacrum (Coc:4)
  A shadow (Tar:6)
  A human (Zot:4)
  2 golden eyes (Abyss:4)
  A starcursed mass (Abyss:3)
  3 nagas (Snake:1)
  An ettin simulacrum (Coc:5)
  A naga simulacrum (Coc:7)
  3 orc wizards
  A butterfly (Zot:3)
  10 creeping infernos
  4 fire vortices
  2 foxfires (Abyss:4)
  A lurking horror (Abyss:4)
  15 starspawn tentacles
  41 tentacles
138 creatures vanquished.

Grand Total: 5094 creatures vanquished

Table legend: (Time is in decaauts)
 A = Elapsed time spent in this place.
 B = Non-inter-level travel time spent in this place.
 C = Inter-level travel time spent in this place.
 D = Time resting spent in this place.
 E = Time spent auto-exploring this place.
 F = Levels seen in this place.
 G = Mean time per level.
                   A        B        C        D        E       F      G
               +--------+--------+--------+--------+--------+-----+--------+
         Total | 113209 | 100484 |  12725 |   5523 |  63691 | 121 |  935.6 |
       Dungeon |  18149 |  13871 |   4278 |    406 |  10359 |  15 | 1209.9 |
        Temple |     74 |     53 |     21 |      0 |     46 |   1 |   74.0 |
          Lair |   5290 |   4651 |    639 |     94 |   3436 |   5 | 1058.0 |
        Shoals |   4082 |   3933 |    149 |    116 |   2642 |   4 | 1020.5 |
     Snake Pit |   3852 |   3619 |    233 |     32 |   2585 |   4 |  963.0 |
    Slime Pits |   2627 |   2458 |    169 |     13 |   1726 |   5 |  525.4 |
  Orcish Mines |   1694 |   1365 |    329 |     76 |    759 |   2 |  847.0 |
   Elven Halls |   4327 |   3819 |    508 |    205 |   2163 |   3 | 1442.3 |
        Vaults |   8136 |   6328 |   1808 |     32 |   4305 |   5 | 1627.2 |
         Crypt |   3117 |   2544 |    573 |     12 |   1685 |   3 | 1039.0 |
          Tomb |   3532 |   2665 |    867 |    345 |   1496 |   3 | 1177.3 |
        Depths |   6764 |   5264 |   1500 |    188 |   3241 |   4 | 1691.0 |
          Hell |    905 |    686 |    219 |      2 |    399 |   1 |  905.0 |
           Dis |   4839 |   4568 |    271 |   1116 |   1523 |   7 |  691.3 |
       Gehenna |   3895 |   3674 |    221 |    339 |   2171 |   7 |  556.4 |
       Cocytus |   4240 |   4075 |    165 |    463 |   2092 |   7 |  605.7 |
      Tartarus |   5306 |   4905 |    401 |    439 |   3294 |   7 |  758.0 |
           Zot |   7250 |   6880 |    370 |    541 |   4739 |   5 | 1450.0 |
         Abyss |   1248 |   1248 |      0 |     23 |    492 |   6 |  208.0 |
   Pandemonium |  21022 |  21022 |      0 |   1051 |  13253 |  20 | 1051.1 |
        Bazaar |    366 |    366 |      0 |      0 |    156 |   3 |  122.0 |
         Trove |    101 |    101 |      0 |      0 |     74 |   1 |  101.0 |
      Ice Cave |    754 |    754 |      0 |     10 |    276 |   1 |  754.0 |
        Wizlab |    887 |    887 |      0 |     16 |    301 |   1 |  887.0 |
      Gauntlet |    742 |    742 |      0 |      1 |    475 |   1 |  742.0 |
               +--------+--------+--------+--------+--------+-----+--------+

Top non-repeatable levels by time:
   Dis:7: 2950 daAuts
   Tar:7: 2615 daAuts
   Coc:7: 2301 daAuts
   Elf:3: 2158 daAuts
Vaults:2: 2139 daAuts
Depths:2: 2115 daAuts
  Tomb:1: 2091 daAuts
Depths:1: 2034 daAuts
    D:11: 1889 daAuts
Vaults:1: 1876 daAuts
   Zot:3: 1773 daAuts
   Zot:1: 1738 daAuts
   Geh:7: 1709 daAuts
Depths:3: 1610 daAuts
     D:9: 1598 daAuts

Table legend:
 A = Non-vault XP
 B = Vault XP
 C = Vault XP percentage of total XP
 D = Non-vault monster count
 E = Vault monster count
 F = Vault count percentage of total count
                 A         B        C        D         E       F
            +---------+---------+-------+---------+---------+-------
      Total | 1885177 | 1960510 |  51.0 |    2710 |    2111 |  43.8
            +---------+---------+-------+---------+---------+-------
        D:1 |      44 |       0 |   0.0 |      24 |       0 |   0.0
        D:2 |      65 |      31 |  32.3 |      16 |       9 |  36.0
        D:3 |     180 |     329 |  64.6 |      20 |       5 |  20.0
        D:4 |     170 |     397 |  70.0 |      12 |       3 |  20.0
        D:5 |     558 |     269 |  32.5 |       9 |       6 |  40.0
        D:6 |     487 |      41 |   7.8 |      14 |       1 |   6.7
        D:7 |     458 |       0 |   0.0 |       7 |       0 |   0.0
        D:8 |    1071 |       0 |   0.0 |      20 |       0 |   0.0
        D:9 |    2282 |    1710 |  42.8 |      20 |      15 |  42.9
       D:10 |     809 |     125 |  13.4 |      16 |       1 |   5.9
       D:11 |    4348 |    4726 |  52.1 |      26 |      27 |  50.9
       D:12 |    2999 |    7077 |  70.2 |      13 |      13 |  50.0
       D:13 |    9449 |    1093 |  10.4 |      33 |       2 |   5.7
       D:14 |    4125 |    7945 |  65.8 |       9 |      21 |  70.0
       D:15 |    7240 |    4141 |  36.4 |      15 |       8 |  34.8
     Lair:1 |    1494 |    4366 |  74.5 |       8 |      10 |  55.6
     Lair:2 |    7865 |     836 |   9.6 |      18 |      13 |  41.9
     Lair:3 |    4226 |    3754 |  47.0 |      19 |      10 |  34.5
     Lair:4 |    4211 |       0 |   0.0 |      15 |       0 |   0.0
     Lair:5 |    5314 |   10765 |  67.0 |      14 |      41 |  74.5
   Shoals:1 |   15999 |    1185 |   6.9 |      31 |       1 |   3.1
   Shoals:2 |   18221 |       0 |   0.0 |      37 |       0 |   0.0
   Shoals:3 |    9853 |     297 |   2.9 |      19 |       1 |   5.0
   Shoals:4 |   15131 |   17475 |  53.6 |      32 |      31 |  49.2
    Snake:1 |   12106 |    6930 |  36.4 |      24 |       4 |  14.3
    Snake:2 |   11058 |       0 |   0.0 |      23 |       0 |   0.0
    Snake:3 |   16124 |    4025 |  20.0 |      31 |       3 |   8.8
    Snake:4 |   17197 |   23914 |  58.2 |      29 |      31 |  51.7
    Slime:1 |   13321 |       0 |   0.0 |      21 |       0 |   0.0
    Slime:2 |   13115 |       0 |   0.0 |      26 |       0 |   0.0
    Slime:3 |   13621 |       0 |   0.0 |      34 |       0 |   0.0
    Slime:4 |    6542 |       0 |   0.0 |       9 |       0 |   0.0
    Slime:5 |   15609 |   24775 |  61.3 |      27 |      18 |  40.0
      Orc:1 |    2044 |     628 |  23.5 |      24 |       1 |   4.0
      Orc:2 |    4632 |    7945 |  63.2 |      57 |      26 |  31.3
      Elf:1 |    8113 |    4072 |  33.4 |      12 |       8 |  40.0
      Elf:2 |   13392 |   22824 |  63.0 |      22 |      30 |  57.7
      Elf:3 |   17883 |   58964 |  76.7 |      34 |      55 |  61.8
   Vaults:1 |   29993 |    5242 |  14.9 |      54 |       6 |  10.0
   Vaults:2 |   38684 |   56417 |  59.3 |      48 |      57 |  54.3
   Vaults:3 |   10020 |   27236 |  73.1 |      15 |      37 |  71.2
   Vaults:4 |    6557 |   36528 |  84.8 |      11 |      42 |  79.2
   Vaults:5 |   14456 |  105966 |  88.0 |      24 |      93 |  79.5
    Crypt:1 |   48061 |       0 |   0.0 |      59 |       0 |   0.0
    Crypt:2 |   19317 |       0 |   0.0 |      28 |       0 |   0.0
    Crypt:3 |   14675 |   45422 |  75.6 |      21 |      80 |  79.2
     Tomb:1 |    5601 |   78534 |  93.3 |      15 |      47 |  75.8
     Tomb:2 |    6992 |   59535 |  89.5 |      21 |      81 |  79.4
     Tomb:3 |   12356 |   48346 |  79.6 |      39 |      59 |  60.2
   Depths:1 |   36554 |   16674 |  31.3 |      39 |      15 |  27.8
   Depths:2 |   30216 |   46680 |  60.7 |      36 |      49 |  57.6
   Depths:3 |   35947 |   45703 |  56.0 |      39 |      41 |  51.2
   Depths:4 |   31007 |   21118 |  40.5 |      28 |      16 |  36.4
       Hell |   19856 |   28936 |  59.3 |      27 |      36 |  57.1
      Dis:1 |    7123 |    6428 |  47.4 |       6 |       8 |  57.1
      Dis:2 |   13905 |       0 |   0.0 |      13 |       0 |   0.0
      Dis:3 |    9296 |    8613 |  48.1 |       7 |       8 |  53.3
      Dis:4 |    7652 |    5949 |  43.7 |       8 |       7 |  46.7
      Dis:5 |   12202 |   15267 |  55.6 |      11 |      13 |  54.2
      Dis:6 |    9968 |       0 |   0.0 |       9 |       0 |   0.0
      Dis:7 |   65470 |  122142 |  65.1 |      40 |      78 |  66.1
      Geh:1 |   14454 |       0 |   0.0 |      16 |       0 |   0.0
      Geh:2 |   14554 |       0 |   0.0 |      12 |       0 |   0.0
      Geh:3 |   14415 |       0 |   0.0 |      12 |       0 |   0.0
      Geh:4 |   18694 |       0 |   0.0 |      16 |       0 |   0.0
      Geh:5 |   12252 |       0 |   0.0 |       9 |       0 |   0.0
      Geh:6 |   14390 |       0 |   0.0 |      14 |       0 |   0.0
      Geh:7 |   18393 |   52415 |  74.0 |      12 |      43 |  78.2
      Coc:1 |    6562 |   22712 |  77.6 |      12 |      24 |  66.7
      Coc:2 |    5176 |    4083 |  44.1 |       8 |       6 |  42.9
      Coc:3 |    6682 |       0 |   0.0 |      11 |       0 |   0.0
      Coc:4 |   15688 |       0 |   0.0 |      21 |       0 |   0.0
      Coc:5 |   28498 |    4172 |  12.8 |      33 |       7 |  17.5
      Coc:6 |   11011 |       0 |   0.0 |      13 |       0 |   0.0
      Coc:7 |   30637 |   98788 |  76.3 |      37 |      89 |  70.6
      Tar:1 |   14733 |       0 |   0.0 |      12 |       0 |   0.0
      Tar:2 |   11012 |       0 |   0.0 |      12 |       0 |   0.0
      Tar:3 |   19761 |       0 |   0.0 |      13 |       0 |   0.0
      Tar:4 |   12549 |       0 |   0.0 |      13 |       0 |   0.0
      Tar:5 |   18205 |    6568 |  26.5 |      12 |       7 |  36.8
      Tar:6 |   22261 |   11724 |  34.5 |      14 |      25 |  64.1
      Tar:7 |   15253 |   87235 |  85.1 |      10 |      56 |  84.8
      Zot:1 |   62145 |    8341 |  11.8 |      50 |       7 |  12.3
      Zot:2 |   35376 |   19479 |  35.5 |      29 |      14 |  32.6
      Zot:3 |   57279 |   46566 |  44.8 |      42 |      32 |  43.2
      Zot:4 |   31280 |   11824 |  27.4 |      28 |      16 |  36.4
      Zot:5 |   48479 |  119889 |  71.2 |      39 |      43 |  52.4
    Abyss:2 |   14266 |       0 |   0.0 |      31 |       0 |   0.0
    Abyss:3 |   19892 |       0 |   0.0 |      37 |       0 |   0.0
    Abyss:4 |   22450 |   18489 |  45.2 |      36 |      31 |  46.3
        Pan |  501566 |  387267 |  43.6 |     688 |     427 |  38.3
      IceCv |       0 |   22620 | 100.0 |       0 |      39 | 100.0
     WizLab |       0 |   26248 | 100.0 |       0 |      52 | 100.0
   Gauntlet |       0 |   10715 | 100.0 |       0 |      26 | 100.0
            +---------+---------+-------+---------+---------+-------
